Workbook
Name _.: #REF!
Name _.: #REF!
Name _R: #REF!
Name _R: #REF!
Name Area_Print: #REF!
Name Area_Print: #REF!
Name Clear_CAST_Price_Summary: AVEVA!Clear_CAST_Price_Summary
Name Clear_CAST_Price_Summary: Currency!Clear_CAST_Price_Summary
Name Clear_CAST_Price_Summary: [0]!Clear_CAST_Price_Summary
Name Cost_Allocation: [1]Data!$C$2:$C$12
Name Cost_Allocation: [2]Data!$C$2:$C$12
Name CPA_Data: [1]Data!$F$2:$F$14
Name CPA_Data: [2]Data!$F$2:$F$14
Name Currency: [1]Data!$E$2:$E$19
Name Currency: [2]Data!$E$2:$E$19
Name Currency_A: [3]Data!$E$2:$E$19
Name Currency_A: [4]Data!$E$2:$E$19
Name Currency_Allocated: '[5]Option X3'!$D$9:$D$26
Name Currency_Allocated: '[6]Option X3'!$D$9:$D$26
Name CurrencyA: [7]Data!$E$2:$E$19
Name D: #REF!
Name D: #REF!
Name Data: AVEVA!#REF!
Name Data: #REF!
Name Data_Daywork: #REF!
Name Data_Daywork: #REF!
Name Data_Opt_Bill5: #REF!
Name Data_Opt_Bill5: #REF!
Name Option_N: '[5]Option X5'!$H$9:$H$18
Name Option_N: '[6]Option X5'!$H$9:$H$18
Name P: #REF!
Name P: #REF!
Name PS5_Allocation: [1]Data!$B$2:$B$20
Name PS5_Allocation: [2]Data!$B$2:$B$20
Name Q: #REF!
Name Q: #REF!
Name S: #REF!
Name S: #REF!
Name Sort_Data: #REF!
Name Sort_Data: #REF!
Name w: AVEVA!w
Name w: Currency!w
Name w: [0]!w

Sheet AVEVA
C1: Pricing Schedule : Aveva Support
C3: VENDOR NAME
C7: IMPORTANT NOTES
C8: All cells highlighted in GREEN must be completed
C9: Quoted prices MUST be in ZAR, EXCLUDING VAT and ESCALATIONS
C11: Aveva Support
C12: Prices MUST be quoted based on the SCOPE provided
C13: Estimated quantities are based on the required number of Licenses
C14: Select the currency from the CURRENCY drop-down list in COLUMN "I"
C16: Capture the applicable Currency, ROE and ROE Published Date on the "Currency sheet".
C17: The adjustments for prevailing rates and the basis for future price adjustments will be determined at time of contracting.
C18: Exchange rate variations may not be claimed for the local mark-up in the pricing structure
... C22: All Prices must be exclusive of VAT
L28: YEAR 1 | Q28: YEAR 2 | V28: YEAR 3 | AA28: YEAR 4 | AF28: YEAR 5
C29: Site Name | D29: Licence Part No | E29: Licence Description | F29: Product Support Phase | G29: Unit charge | H29: CURRENCY | K29: Total Estimated Quantity | L29: Unit Price in Nominated Currency | M29: Unit Price in ZAR | N29: Total [Nominated Currency] | O29: Total in ZAR | P29: Total Estimated Quantity | Q29: Unit Price in Nominated Currency | R29: Unit Price in ZAR | S29: Total [Nominated Currency] | T29: Total in ZAR | U29: Total Estimated Quantity | V29: Unit Price in Nominated Currency | W29: Unit Price in ZAR | X29: Total [Nominated Currency] | Y29: Total in ZAR | Z29: Total Estimated Quantity | AA29: Unit Price in Nominated Currency | AB29: Unit Price in ZAR | AC29: Total [Nominated Currency] | AD29: Total in ZAR | AE29: Total Estimated Quantity | AF29: Unit Price in Nominated Currency | AG29: Unit Price in ZAR | AH29: Total [Nominated Currency] | AI29: Total in ZAR | AK29: CONTRACT PRICE ADJUSTMENT
C30: 111210 Port Rex | D30: InTch-05-C-23 | E30: UpgC, AVEVA InTouch HMI 2023 Workstation 10K Tag with I/O | F30: Full Support | G30: sum | H30: =IF(I30="","",IF(I30="ZAR","Local","Foreign")) -> Local | I30: ZAR | J30: =IF(H30="","",IF(H30="Foreign",VLOOKUP(I30,Currency!$E$20:$F$33,2,FALSE),1)) -> 1 | K30: 3 | L30: 0 | M30: =L30*$J30 -> 0 | N30: =L30*$K30 -> 0 | O30: =M30*$K30 -> 0 | P30: 3 | Q30: 0 | R30: =Q30*$J30 -> 0 | S30: =Q30*$P30 -> 0 | T30: =R30*$P30 -> 0 | U30: 3 | V30: 0 | W30: =V30*$J30 -> 0 | X30: =V30*$U30 -> 0 | Y30: =W30*$U30 -> 0 | Z30: 3 | AA30: 0 | AB30: =AA30*$J30 -> 0 | AC30: =AA30*Z30 -> 0 | AD30: =AB30*Z30 -> 0 | AE30: 3 | AF30: 0 | AG30: =AF30*$J30 -> 0 | AH30: =AF30*AE30 -> 0 | AI30: =AG30*AE30 -> 0
D31: HstStd-05-C-23 | E31: UpgC, AVEVA Historian 2023, Standard 25,000 Tag | F31: Full Support | G31: sum | H31: =IF(I31="","",IF(I31="ZAR","Local","Foreign")) -> Local | I31: ZAR | J31: =IF(H31="","",IF(H31="Foreign",VLOOKUP(I31,Currency!$E$20:$F$33,2,FALSE),1)) -> 1 | K31: 1 | L31: 0 | M31: =L31*$J31 -> 0 | N31: =L31*$K31 -> 0 | O31: =M31*$K31 -> 0 | P31: 1 | Q31: 0 | R31: =Q31*$J31 -> 0 | S31: =Q31*$P31 -> 0 | T31: =R31*$P31 -> 0 | U31: 1 | V31: 0 | W31: =V31*$J31 -> 0 | X31: =V31*$U31 -> 0 | Y31: =W31*$U31 -> 0 | Z31: 1 | AA31: 0 | AB31: =AA31*$J31 -> 0 | AC31: =AA31*Z31 -> 0 | AD31: =AB31*Z31 -> 0 | AE31: 1 | AF31: 0 | AG31: =AF31*$J31 -> 0 | AH31: =AF31*AE31 -> 0 | AI31: =AG31*AE31 -> 0
C32: 114345 Durbanville | D32: DevStd-04-C-23 | E32: UpgC, AVEVA Development Studio 2023 Unlimited, Unlim/Unlim/500 | F32: Full Support | G32: sum | H32: =IF(I32="","",IF(I32="ZAR","Local","Foreign")) -> Local | I32: ZAR | J32: =IF(H32="","",IF(H32="Foreign",VLOOKUP(I32,Currency!$E$20:$F$33,2,FALSE),1)) -> 1 | K32: 1 | L32: 0 | M32: =L32*$J32 -> 0 | N32: =L32*$K32 -> 0 | O32: =M32*$K32 -> 0 | P32: 1 | Q32: 0 | R32: =Q32*$J32 -> 0 | S32: =Q32*$P32 -> 0 | T32: =R32*$P32 -> 0 | U32: 1 | V32: 0 | W32: =V32*$J32 -> 0 | X32: =V32*$U32 -> 0 | Y32: =W32*$U32 -> 0 | Z32: 1 | AA32: 0 | AB32: =AA32*$J32 -> 0 | AC32: =AA32*Z32 -> 0 | AD32: =AB32*Z32 -> 0 | AE32: 1 | AF32: 0 | AG32: =AF32*$J32 -> 0 | AH32: =AF32*AE32 -> 0 | AI32: =AG32*AE32 -> 0
D33: BPM-51-C-17 | E33: UpgC, Wonderware Skelta BPM 2017 Developer Edition, 1 Seat | F33: Tech Support | G33: sum | H33: =IF(I33="","",IF(I33="ZAR","Local","Foreign")) -> Local | I33: ZAR | J33: =IF(H33="","",IF(H33="Foreign",VLOOKUP(I33,Currency!$E$20:$F$33,2,FALSE),1)) -> 1 | K33: 1 | L33: 0 | M33: =L33*$J33 -> 0 | N33: =L33*$K33 -> 0 | O33: =M33*$K33 -> 0 | P33: 1 | Q33: 0 | R33: =Q33*$J33 -> 0 | S33: =Q33*$P33 -> 0 | T33: =R33*$P33 -> 0 | U33: 1 | V33: 0 | W33: =V33*$J33 -> 0 | X33: =V33*$U33 -> 0 | Y33: =W33*$U33 -> 0 | Z33: 1 | AA33: 0 | AB33: =AA33*$J33 -> 0 | AC33: =AA33*Z33 -> 0 | AD33: =AB33*Z33 -> 0 | AE33: 1 | AF33: 0 | AG33: =AF33*$J33 -> 0 | AH33: =AF33*AE33 -> 0 | AI33: =AG33*AE33 -> 0
D34: DevStd-04-C-20 | E34: UpgC, AVEVA Development Studio 2020 Unlimited, Unlim/60K/500 | F34: Limited Support | G34: sum | H34: =IF(I34="","",IF(I34="ZAR","Local","Foreign")) -> Local | I34: ZAR | J34: =IF(H34="","",IF(H34="Foreign",VLOOKUP(I34,Currency!$E$20:$F$33,2,FALSE),1)) -> 1 | K34: 3 | L34: 0 | M34: =L34*$J34 -> 0 | N34: =L34*$K34 -> 0 | O34: =M34*$K34 -> 0 | P34: 3 | Q34: 0 | R34: =Q34*$J34 -> 0 | S34: =Q34*$P34 -> 0 | T34: =R34*$P34 -> 0 | U34: 3 | V34: 0 | W34: =V34*$J34 -> 0 | X34: =V34*$U34 -> 0 | Y34: =W34*$U34 -> 0 | Z34: 3 | AA34: 0 | AB34: =AA34*$J34 -> 0 | AC34: =AA34*Z34 -> 0 | AD34: =AB34*Z34 -> 0 | AE34: 3 | AF34: 0 | AG34: =AF34*$J34 -> 0 | AH34: =AF34*AE34 -> 0 | AI34: =AG34*AE34 -> 0
D35: HstStd-03-C-20 | E35: UpgC, AVEVA Historian 2020, Standard 5,000 Tag | F35: Limited Support | G35: sum | H35: =IF(I35="","",IF(I35="ZAR","Local","Foreign")) -> Local | I35: ZAR | J35: =IF(H35="","",IF(H35="Foreign",VLOOKUP(I35,Currency!$E$20:$F$33,2,FALSE),1)) -> 1 | K35: 1 | L35: 0 | M35: =L35*$J35 -> 0 | N35: =L35*$K35 -> 0 | O35: =M35*$K35 -> 0 | P35: 1 | Q35: 0 | R35: =Q35*$J35 -> 0 | S35: =Q35*$P35 -> 0 | T35: =R35*$P35 -> 0 | U35: 1 | V35: 0 | W35: =V35*$J35 -> 0 | X35: =V35*$U35 -> 0 | Y35: =W35*$U35 -> 0 | Z35: 1 | AA35: 0 | AB35: =AA35*$J35 -> 0 | AC35: =AA35*Z35 -> 0 | AD35: =AB35*Z35 -> 0 | AE35: 1 | AF35: 0 | AG35: =AF35*$J35 -> 0 | AH35: =AF35*AE35 -> 0 | AI35: =AG35*AE35 -> 0
D36: HstClt-04-C-20 | E36: UpgC, AVEVA Historian Client Desktop 2020, Concurrent User 20 Pack | F36: Limited Support | G36: sum | H36: =IF(I36="","",IF(I36="ZAR","Local","Foreign")) -> Local | I36: ZAR | J36: =IF(H36="","",IF(H36="Foreign",VLOOKUP(I36,Currency!$E$20:$F$33,2,FALSE),1)) -> 1 | K36: 1 | L36: 0 | M36: =L36*$J36 -> 0 | N36: =L36*$K36 -> 0 | O36: =M36*$K36 -> 0 | P36: 1 | Q36: 0 | R36: =Q36*$J36 -> 0 | S36: =Q36*$P36 -> 0 | T36: =R36*$P36 -> 0 | U36: 1 | V36: 0 | W36: =V36*$J36 -> 0 | X36: =V36*$U36 -> 0 | Y36: =W36*$U36 -> 0 | Z36: 1 | AA36: 0 | AB36: =AA36*$J36 -> 0 | AC36: =AA36*Z36 -> 0 | AD36: =AB36*Z36 -> 0 | AE36: 1 | AF36: 0 | AG36: =AF36*$J36 -> 0 | AH36: =AF36*AE36 -> 0 | AI36: =AG36*AE36 -> 0
D37: HstClt-01-C-20 | E37: UpgC, AVEVA Historian Client Desktop 2020, Concurrent User Single | F37: Limited Support | G37: sum | H37: =IF(I37="","",IF(I37="ZAR","Local","Foreign")) -> Local | I37: ZAR | J37: =IF(H37="","",IF(H37="Foreign",VLOOKUP(I37,Currency!$E$20:$F$33,2,FALSE),1)) -> 1 | K37: 3 | L37: 0 | M37: =L37*$J37 -> 0 | N37: =L37*$K37 -> 0 | O37: =M37*$K37 -> 0 | P37: 3 | Q37: 0 | R37: =Q37*$J37 -> 0 | S37: =Q37*$P37 -> 0 | T37: =R37*$P37 -> 0 | U37: 3 | V37: 0 | W37: =V37*$J37 -> 0 | X37: =V37*$U37 -> 0 | Y37: =W37*$U37 -> 0 | Z37: 3 | AA37: 0 | AB37: =AA37*$J37 -> 0 | AC37: =AA37*Z37 -> 0 | AD37: =AB37*Z37 -> 0 | AE37: 3 | AF37: 0 | AG37: =AF37*$J37 -> 0 | AH37: =AF37*AE37 -> 0 | AI37: =AG37*AE37 -> 0
D38: HstClt-03-C-20 | E38: UpgC, AVEVA Historian Client Desktop 2020, Concurrent User 10 Pack | F38: Limited Support | G38: sum | H38: =IF(I38="","",IF(I38="ZAR","Local","Foreign")) -> Local | I38: ZAR | J38: =IF(H38="","",IF(H38="Foreign",VLOOKUP(I38,Currency!$E$20:$F$33,2,FALSE),1)) -> 1 | K38: 1 | L38: 0 | M38: =L38*$J38 -> 0 | N38: =L38*$K38 -> 0 | O38: =M38*$K38 -> 0 | P38: 1 | Q38: 0 | R38: =Q38*$J38 -> 0 | S38: =Q38*$P38 -> 0 | T38: =R38*$P38 -> 0 | U38: 1 | V38: 0 | W38: =V38*$J38 -> 0 | X38: =V38*$U38 -> 0 | Y38: =W38*$U38 -> 0 | Z38: 1 | AA38: 0 | AB38: =AA38*$J38 -> 0 | AC38: =AA38*Z38 -> 0 | AD38: =AB38*Z38 -> 0 | AE38: 1 | AF38: 0 | AG38: =AF38*$J38 -> 0 | AH38: =AF38*AE38 -> 0 | AI38: =AG38*AE38 -> 0
D39: AVCAL-05-C-19 | E39: UpgC, AVEVA CAL without MS CAL, 50 Pack | F39: Tech Support | G39: sum | H39: =IF(I39="","",IF(I39="ZAR","Local","Foreign")) -> Local | I39: ZAR | J39: =IF(H39="","",IF(H39="Foreign",VLOOKUP(I39,Currency!$E$20:$F$33,2,FALSE),1)) -> 1 | K39: 1 | L39: 0 | M39: =L39*$J39 -> 0 | N39: =L39*$K39 -> 0 | O39: =M39*$K39 -> 0 | P39: 1 | Q39: 0 | R39: =Q39*$J39 -> 0 | S39: =Q39*$P39 -> 0 | T39: =R39*$P39 -> 0 | U39: 1 | V39: 0 | W39: =V39*$J39 -> 0 | X39: =V39*$U39 -> 0 | Y39: =W39*$U39 -> 0 | Z39: 1 | AA39: 0 | AB39: =AA39*$J39 -> 0 | AC39: =AA39*Z39 -> 0 | AD39: =AB39*Z39 -> 0 | AE39: 1 | AF39: 0 | AG39: =AF39*$J39 -> 0 | AH39: =AF39*AE39 -> 0 | AI39: =AG39*AE39 -> 0
C40: 114348 Drakensburg | D40: InTch-10-C-23 | E40: UpgC, AVEVA InTouch HMI 2023 Workstation 100K Tag no I/O | F40: Full Support | G40: sum | H40: =IF(I40="","",IF(I40="ZAR","Local","Foreign")) -> Local | I40: ZAR | J40: =IF(H40="","",IF(H40="Foreign",VLOOKUP(I40,Currency!$E$20:$F$33,2,FALSE),1)) -> 1 | K40: 8 | L40: 0 | M40: =L40*$J40 -> 0 | N40: =L40*$K40 -> 0 | O40: =M40*$K40 -> 0 | P40: 8 | Q40: 0 | R40: =Q40*$J40 -> 0 | S40: =Q40*$P40 -> 0 | T40: =R40*$P40 -> 0 | U40: 8 | V40: 0 | W40: =V40*$J40 -> 0 | X40: =V40*$U40 -> 0 | Y40: =W40*$U40 -> 0 | Z40: 8 | AA40: 0 | AB40: =AA40*$J40 -> 0 | AC40: =AA40*Z40 -> 0 | AD40: =AB40*Z40 -> 0 | AE40: 8 | AF40: 0 | AG40: =AF40*$J40 -> 0 | AH40: =AF40*AE40 -> 0 | AI40: =AG40*AE40 -> 0
D41: HstStd-05-C-23 | E41: UpgC, AVEVA Historian 2023, Standard 25,000 Tag | F41: Full Support | G41: sum | H41: =IF(I41="","",IF(I41="ZAR","Local","Foreign")) -> Local | I41: ZAR | J41: =IF(H41="","",IF(H41="Foreign",VLOOKUP(I41,Currency!$E$20:$F$33,2,FALSE),1)) -> 1 | K41: 1 | L41: 0 | M41: =L41*$J41 -> 0 | N41: =L41*$K41 -> 0 | O41: =M41*$K41 -> 0 | P41: 1 | Q41: 0 | R41: =Q41*$J41 -> 0 | S41: =Q41*$P41 -> 0 | T41: =R41*$P41 -> 0 | U41: 1 | V41: 0 | W41: =V41*$J41 -> 0 | X41: =V41*$U41 -> 0 | Y41: =W41*$U41 -> 0 | Z41: 1 | AA41: 0 | AB41: =AA41*$J41 -> 0 | AC41: =AA41*Z41 -> 0 | AD41: =AB41*Z41 -> 0 | AE41: 1 | AF41: 0 | AG41: =AF41*$J41 -> 0 | AH41: =AF41*AE41 -> 0 | AI41: =AG41*AE41 -> 0
D42: InTDev-01-C-23 | E42: UpgC, AVEVA Dev Studio 2023 Limited, InTouch Dev/RT 64Tag | F42: Full Support | G42: sum | H42: =IF(I42="","",IF(I42="ZAR","Local","Foreign")) -> Local | I42: ZAR | J42: =IF(H42="","",IF(H42="Foreign",VLOOKUP(I42,Currency!$E$20:$F$33,2,FALSE),1)) -> 1 | K42: 8 | L42: 0 | M42: =L42*$J42 -> 0 | N42: =L42*$K42 -> 0 | O42: =M42*$K42 -> 0 | P42: 8 | Q42: 0 | R42: =Q42*$J42 -> 0 | S42: =Q42*$P42 -> 0 | T42: =R42*$P42 -> 0 | U42: 8 | V42: 0 | W42: =V42*$J42 -> 0 | X42: =V42*$U42 -> 0 | Y42: =W42*$U42 -> 0 | Z42: 8 | AA42: 0 | AB42: =AA42*$J42 -> 0 | AC42: =AA42*Z42 -> 0 | AD42: =AB42*Z42 -> 0 | AE42: 8 | AF42: 0 | AG42: =AF42*$J42 -> 0 | AH42: =AF42*AE42 -> 0 | AI42: =AG42*AE42 -> 0
C43: 114349 Gariep | D43: 12-12285 | E43: Upg, Application Server 2014R2, Platform | F43: Tech Support | G43: sum | H43: =IF(I43="","",IF(I43="ZAR","Local","Foreign")) -> Local | I43: ZAR | J43: =IF(H43="","",IF(H43="Foreign",VLOOKUP(I43,Currency!$E$20:$F$33,2,FALSE),1)) -> 1 | K43: 13 | L43: 0 | M43: =L43*$J43 -> 0 | N43: =L43*$K43 -> 0 | O43: =M43*$K43 -> 0 | P43: 13 | Q43: 0 | R43: =Q43*$J43 -> 0 | S43: =Q43*$P43 -> 0 | T43: =R43*$P43 -> 0 | U43: 13 | V43: 0 | W43: =V43*$J43 -> 0 | X43: =V43*$U43 -> 0 | Y43: =W43*$U43 -> 0 | Z43: 13 | AA43: 0 | AB43: =AA43*$J43 -> 0 | AC43: =AA43*Z43 -> 0 | AD43: =AB43*Z43 -> 0 | AE43: 13 | AF43: 0 | AG43: =AF43*$J43 -> 0 | AH43: =AF43*AE43 -> 0 | AI43: =AG43*AE43 -> 0
D44: ComDrv-51-C-20 | E44: UpgC, AVEVA Communication Drivers 2020, Standard_ | F44: Limited Support | G44: sum | H44: =IF(I44="","",IF(I44="ZAR","Local","Foreign")) -> Local | I44: ZAR | J44: =IF(H44="","",IF(H44="Foreign",VLOOKUP(I44,Currency!$E$20:$F$33,2,FALSE),1)) -> 1 | K44: 2 | L44: 0 | M44: =L44*$J44 -> 0 | N44: =L44*$K44 -> 0 | O44: =M44*$K44 -> 0 | P44: 2 | Q44: 0 | R44: =Q44*$J44 -> 0 | S44: =Q44*$P44 -> 0 | T44: =R44*$P44 -> 0 | U44: 2 | V44: 0 | W44: =V44*$J44 -> 0 | X44: =V44*$U44 -> 0 | Y44: =W44*$U44 -> 0 | Z44: 2 | AA44: 0 | AB44: =AA44*$J44 -> 0 | AC44: =AA44*Z44 -> 0 | AD44: =AB44*Z44 -> 0 | AE44: 2 | AF44: 0 | AG44: =AF44*$J44 -> 0 | AH44: =AF44*AE44 -> 0 | AI44: =AG44*AE44 -> 0
D45: SysPlt-08-C-20 | E45: UpgC, AVEVA System Platform 2020, 25K IO/12K History - Application Server 25K IO, Historian Standard 12K Tag, 2 Communication Drivers Standard, 1 Historian Client Web. | F45: Limited Support | G45: sum | H45: =IF(I45="","",IF(I45="ZAR","Local","Foreign")) -> Local | I45: ZAR | J45: =IF(H45="","",IF(H45="Foreign",VLOOKUP(I45,Currency!$E$20:$F$33,2,FALSE),1)) -> 1 | K45: 1 | L45: 0 | M45: =L45*$J45 -> 0 | N45: =L45*$K45 -> 0 | O45: =M45*$K45 -> 0 | P45: 1 | Q45: 0 | R45: =Q45*$J45 -> 0 | S45: =Q45*$P45 -> 0 | T45: =R45*$P45 -> 0 | U45: 1 | V45: 0 | W45: =V45*$J45 -> 0 | X45: =V45*$U45 -> 0 | Y45: =W45*$U45 -> 0 | Z45: 1 | AA45: 0 | AB45: =AA45*$J45 -> 0 | AC45: =AA45*Z45 -> 0 | AD45: =AB45*Z45 -> 0 | AE45: 1 | AF45: 0 | AG45: =AF45*$J45 -> 0 | AH45: =AF45*AE45 -> 0 | AI45: =AG45*AE45 -> 0
D46: AppSvr-10-C-20 | E46: UpgC, AVEVA Application Server 2020, 25K I/O | F46: Limited Support | G46: sum | H46: =IF(I46="","",IF(I46="ZAR","Local","Foreign")) -> Local | I46: ZAR | J46: =IF(H46="","",IF(H46="Foreign",VLOOKUP(I46,Currency!$E$20:$F$33,2,FALSE),1)) -> 1 | K46: 1 | L46: 0 | M46: =L46*$J46 -> 0 | N46: =L46*$K46 -> 0 | O46: =M46*$K46 -> 0 | P46: 1 | Q46: 0 | R46: =Q46*$J46 -> 0 | S46: =Q46*$P46 -> 0 | T46: =R46*$P46 -> 0 | U46: 1 | V46: 0 | W46: =V46*$J46 -> 0 | X46: =V46*$U46 -> 0 | Y46: =W46*$U46 -> 0 | Z46: 1 | AA46: 0 | AB46: =AA46*$J46 -> 0 | AC46: =AA46*Z46 -> 0 | AD46: =AB46*Z46 -> 0 | AE46: 1 | AF46: 0 | AG46: =AF46*$J46 -> 0 | AH46: =AF46*AE46 -> 0 | AI46: =AG46*AE46 -> 0
D47: HstEnt-52-C-20 | E47: UpgC, AVEVA Historian Svr 2020, Enterprise 12,000 Tag | F47: Limited Support | G47: sum | H47: =IF(I47="","",IF(I47="ZAR","Local","Foreign")) -> Local | I47: ZAR | J47: =IF(H47="","",IF(H47="Foreign",VLOOKUP(I47,Currency!$E$20:$F$33,2,FALSE),1)) -> 1 | K47: 1 | L47: 0 | M47: =L47*$J47 -> 0 | N47: =L47*$K47 -> 0 | O47: =M47*$K47 -> 0 | P47: 1 | Q47: 0 | R47: =Q47*$J47 -> 0 | S47: =Q47*$P47 -> 0 | T47: =R47*$P47 -> 0 | U47: 1 | V47: 0 | W47: =V47*$J47 -> 0 | X47: =V47*$U47 -> 0 | Y47: =W47*$U47 -> 0 | Z47: 1 | AA47: 0 | AB47: =AA47*$J47 -> 0 | AC47: =AA47*Z47 -> 0 | AD47: =AB47*Z47 -> 0 | AE47: 1 | AF47: 0 | AG47: =AF47*$J47 -> 0 | AH47: =AF47*AE47 -> 0 | AI47: =AG47*AE47 -> 0
D48: SupClt-02-C-20 | E48: UpgC, AVEVA Supervisory Client without Historian Client Desktop 2020, no MSCAL | F48: Limited Support | G48: sum | H48: =IF(I48="","",IF(I48="ZAR","Local","Foreign")) -> Local | I48: ZAR | J48: =IF(H48="","",IF(H48="Foreign",VLOOKUP(I48,Currency!$E$20:$F$33,2,FALSE),1)) -> 1 | K48: 9 | L48: 0 | M48: =L48*$J48 -> 0 | N48: =L48*$K48 -> 0 | O48: =M48*$K48 -> 0 | P48: 9 | Q48: 0 | R48: =Q48*$J48 -> 0 | S48: =Q48*$P48 -> 0 | T48: =R48*$P48 -> 0 | U48: 9 | V48: 0 | W48: =V48*$J48 -> 0 | X48: =V48*$U48 -> 0 | Y48: =W48*$U48 -> 0 | Z48: 9 | AA48: 0 | AB48: =AA48*$J48 -> 0 | AC48: =AA48*Z48 -> 0 | AD48: =AB48*Z48 -> 0 | AE48: 9 | AF48: 0 | AG48: =AF48*$J48 -> 0 | AH48: =AF48*AE48 -> 0 | AI48: =AG48*AE48 -> 0
D49: AVCAL-02-C-19 | E49: UpgC, AVEVA CAL without MS CAL, 5 Pack | F49: Tech Support | G49: sum | H49: =IF(I49="","",IF(I49="ZAR","Local","Foreign")) -> Local | I49: ZAR | J49: =IF(H49="","",IF(H49="Foreign",VLOOKUP(I49,Currency!$E$20:$F$33,2,FALSE),1)) -> 1 | K49: 5 | L49: 0 | M49: =L49*$J49 -> 0 | N49: =L49*$K49 -> 0 | O49: =M49*$K49 -> 0 | P49: 5 | Q49: 0 | R49: =Q49*$J49 -> 0 | S49: =Q49*$P49 -> 0 | T49: =R49*$P49 -> 0 | U49: 5 | V49: 0 | W49: =V49*$J49 -> 0 | X49: =V49*$U49 -> 0 | Y49: =W49*$U49 -> 0 | Z49: 5 | AA49: 0 | AB49: =AA49*$J49 -> 0 | AC49: =AA49*Z49 -> 0 | AD49: =AB49*Z49 -> 0 | AE49: 5 | AF49: 0 | AG49: =AF49*$J49 -> 0 | AH49: =AF49*AE49 -> 0 | AI49: =AG49*AE49 -> 0
D50: HstClt-02-C-20 | E50: UpgC, AVEVA Historian Client Desktop 2020, Concurrent User 5 Pack | F50: Limited Support | G50: sum | H50: =IF(I50="","",IF(I50="ZAR","Local","Foreign")) -> Local | I50: ZAR | J50: =IF(H50="","",IF(H50="Foreign",VLOOKUP(I50,Currency!$E$20:$F$33,2,FALSE),1)) -> 1 | K50: 1 | L50: 0 | M50: =L50*$J50 -> 0 | N50: =L50*$K50 -> 0 | O50: =M50*$K50 -> 0 | P50: 1 | Q50: 0 | R50: =Q50*$J50 -> 0 | S50: =Q50*$P50 -> 0 | T50: =R50*$P50 -> 0 | U50: 1 | V50: 0 | W50: =V50*$J50 -> 0 | X50: =V50*$U50 -> 0 | Y50: =W50*$U50 -> 0 | Z50: 1 | AA50: 0 | AB50: =AA50*$J50 -> 0 | AC50: =AA50*Z50 -> 0 | AD50: =AB50*Z50 -> 0 | AE50: 1 | AF50: 0 | AG50: =AF50*$J50 -> 0 | AH50: =AF50*AE50 -> 0 | AI50: =AG50*AE50 -> 0
C51: 114350 Peaking | D51: 12-12396 | E51: Upg, Dev Studio 2014R2 Limited, InTouch Dev/RT 64Tag | F51: Tech Support | G51: sum | H51: =IF(I51="","",IF(I51="ZAR","Local","Foreign")) -> Local | I51: ZAR | J51: =IF(H51="","",IF(H51="Foreign",VLOOKUP(I51,Currency!$E$20:$F$33,2,FALSE),1)) -> 1 | K51: 3 | L51: 0 | M51: =L51*$J51 -> 0 | N51: =L51*$K51 -> 0 | O51: =M51*$K51 -> 0 | P51: 3 | Q51: 0 | R51: =Q51*$J51 -> 0 | S51: =Q51*$P51 -> 0 | T51: =R51*$P51 -> 0 | U51: 3 | V51: 0 | W51: =V51*$J51 -> 0 | X51: =V51*$U51 -> 0 | Y51: =W51*$U51 -> 0 | Z51: 3 | AA51: 0 | AB51: =AA51*$J51 -> 0 | AC51: =AA51*Z51 -> 0 | AD51: =AB51*Z51 -> 0 | AE51: 3 | AF51: 0 | AG51: =AF51*$J51 -> 0 | AH51: =AF51*AE51 -> 0 | AI51: =AG51*AE51 -> 0
D52: 12-12407 | E52: Upg, InTouch 2014R2 Runtime 3K Tag without I/O | F52: Tech Support | G52: sum | H52: =IF(I52="","",IF(I52="ZAR","Local","Foreign")) -> Local | I52: ZAR | J52: =IF(H52="","",IF(H52="Foreign",VLOOKUP(I52,Currency!$E$20:$F$33,2,FALSE),1)) -> 1 | K52: 3 | L52: 0 | M52: =L52*$J52 -> 0 | N52: =L52*$K52 -> 0 | O52: =M52*$K52 -> 0 | P52: 3 | Q52: 0 | R52: =Q52*$J52 -> 0 | S52: =Q52*$P52 -> 0 | T52: =R52*$P52 -> 0 | U52: 3 | V52: 0 | W52: =V52*$J52 -> 0 | X52: =V52*$U52 -> 0 | Y52: =W52*$U52 -> 0 | Z52: 3 | AA52: 0 | AB52: =AA52*$J52 -> 0 | AC52: =AA52*Z52 -> 0 | AD52: =AB52*Z52 -> 0 | AE52: 3 | AF52: 0 | AG52: =AF52*$J52 -> 0 | AH52: =AF52*AE52 -> 0 | AI52: =AG52*AE52 -> 0
C53: 114351 Acacia | D53: DevStd-04-C-23 | E53: UpgC, AVEVA Development Studio 2023 Unlimited, Unlim/Unlim/500 | F53: Full Support | G53: sum | H53: =IF(I53="","",IF(I53="ZAR","Local","Foreign")) -> Local | I53: ZAR | J53: =IF(H53="","",IF(H53="Foreign",VLOOKUP(I53,Currency!$E$20:$F$33,2,FALSE),1)) -> 1 | K53: 1 | L53: 0 | M53: =L53*$J53 -> 0 | N53: =L53*$K53 -> 0 | O53: =M53*$K53 -> 0 | P53: 1 | Q53: 0 | R53: =Q53*$J53 -> 0 | S53: =Q53*$P53 -> 0 | T53: =R53*$P53 -> 0 | U53: 1 | V53: 0 | W53: =V53*$J53 -> 0 | X53: =V53*$U53 -> 0 | Y53: =W53*$U53 -> 0 | Z53: 1 | AA53: 0 | AB53: =AA53*$J53 -> 0 | AC53: =AA53*Z53 -> 0 | AD53: =AB53*Z53 -> 0 | AE53: 1 | AF53: 0 | AG53: =AF53*$J53 -> 0 | AH53: =AF53*AE53 -> 0 | AI53: =AG53*AE53 -> 0
D54: InTch-05-C-23 | E54: UpgC, AVEVA InTouch HMI 2023 Workstation 10K Tag with I/O | F54: Full Support | G54: sum | H54: =IF(I54="","",IF(I54="ZAR","Local","Foreign")) -> Local | I54: ZAR | J54: =IF(H54="","",IF(H54="Foreign",VLOOKUP(I54,Currency!$E$20:$F$33,2,FALSE),1)) -> 1 | K54: 3 | L54: 0 | M54: =L54*$J54 -> 0 | N54: =L54*$K54 -> 0 | O54: =M54*$K54 -> 0 | P54: 3 | Q54: 0 | R54: =Q54*$J54 -> 0 | S54: =Q54*$P54 -> 0 | T54: =R54*$P54 -> 0 | U54: 3 | V54: 0 | W54: =V54*$J54 -> 0 | X54: =V54*$U54 -> 0 | Y54: =W54*$U54 -> 0 | Z54: 3 | AA54: 0 | AB54: =AA54*$J54 -> 0 | AC54: =AA54*Z54 -> 0 | AD54: =AB54*Z54 -> 0 | AE54: 3 | AF54: 0 | AG54: =AF54*$J54 -> 0 | AH54: =AF54*AE54 -> 0 | AI54: =AG54*AE54 -> 0
D55: HstStd-05-C-23 | E55: UpgC, AVEVA Historian 2023, Standard 25,000 Tag | F55: Full Support | G55: sum | H55: =IF(I55="","",IF(I55="ZAR","Local","Foreign")) -> Local | I55: ZAR | J55: =IF(H55="","",IF(H55="Foreign",VLOOKUP(I55,Currency!$E$20:$F$33,2,FALSE),1)) -> 1 | K55: 1 | L55: 0 | M55: =L55*$J55 -> 0 | N55: =L55*$K55 -> 0 | O55: =M55*$K55 -> 0 | P55: 1 | Q55: 0 | R55: =Q55*$J55 -> 0 | S55: =Q55*$P55 -> 0 | T55: =R55*$P55 -> 0 | U55: 1 | V55: 0 | W55: =V55*$J55 -> 0 | X55: =V55*$U55 -> 0 | Y55: =W55*$U55 -> 0 | Z55: 1 | AA55: 0 | AB55: =AA55*$J55 -> 0 | AC55: =AA55*Z55 -> 0 | AD55: =AB55*Z55 -> 0 | AE55: 1 | AF55: 0 | AG55: =AF55*$J55 -> 0 | AH55: =AF55*AE55 -> 0 | AI55: =AG55*AE55 -> 0
C56: 114352 Vanderkloof | D56: HstStd-03-C-17 | E56: UpgC, Historian 2017 Standard, 5,000 Tag | F56: Tech Support | G56: sum | H56: =IF(I56="","",IF(I56="ZAR","Local","Foreign")) -> Local | I56: ZAR | J56: =IF(H56="","",IF(H56="Foreign",VLOOKUP(I56,Currency!$E$20:$F$33,2,FALSE),1)) -> 1 | K56: 1 | L56: 0 | M56: =L56*$J56 -> 0 | N56: =L56*$K56 -> 0 | O56: =M56*$K56 -> 0 | P56: 1 | Q56: 0 | R56: =Q56*$J56 -> 0 | S56: =Q56*$P56 -> 0 | T56: =R56*$P56 -> 0 | U56: 1 | V56: 0 | W56: =V56*$J56 -> 0 | X56: =V56*$U56 -> 0 | Y56: =W56*$U56 -> 0 | Z56: 1 | AA56: 0 | AB56: =AA56*$J56 -> 0 | AC56: =AA56*Z56 -> 0 | AD56: =AB56*Z56 -> 0 | AE56: 1 | AF56: 0 | AG56: =AF56*$J56 -> 0 | AH56: =AF56*AE56 -> 0 | AI56: =AG56*AE56 -> 0
D57: DevStd-04-C-17 | E57: UpgC, Development Studio 2017 Unlimited, Unlim/60K/500 | F57: Tech Support | G57: sum | H57: =IF(I57="","",IF(I57="ZAR","Local","Foreign")) -> Local | I57: ZAR | J57: =IF(H57="","",IF(H57="Foreign",VLOOKUP(I57,Currency!$E$20:$F$33,2,FALSE),1)) -> 1 | K57: 1 | L57: 0 | M57: =L57*$J57 -> 0 | N57: =L57*$K57 -> 0 | O57: =M57*$K57 -> 0 | P57: 1 | Q57: 0 | R57: =Q57*$J57 -> 0 | S57: =Q57*$P57 -> 0 | T57: =R57*$P57 -> 0 | U57: 1 | V57: 0 | W57: =V57*$J57 -> 0 | X57: =V57*$U57 -> 0 | Y57: =W57*$U57 -> 0 | Z57: 1 | AA57: 0 | AB57: =AA57*$J57 -> 0 | AC57: =AA57*Z57 -> 0 | AD57: =AB57*Z57 -> 0 | AE57: 1 | AF57: 0 | AG57: =AF57*$J57 -> 0 | AH57: =AF57*AE57 -> 0 | AI57: =AG57*AE57 -> 0
D58: InTch-09-C-17 | E58: UpgC, InTouch 2017 Runtime 3K Tag without I/O | F58: Tech Support | G58: sum | H58: =IF(I58="","",IF(I58="ZAR","Local","Foreign")) -> Local | I58: ZAR | J58: =IF(H58="","",IF(H58="Foreign",VLOOKUP(I58,Currency!$E$20:$F$33,2,FALSE),1)) -> 1 | K58: 1 | L58: 0 | M58: =L58*$J58 -> 0 | N58: =L58*$K58 -> 0 | O58: =M58*$K58 -> 0 | P58: 1 | Q58: 0 | R58: =Q58*$J58 -> 0 | S58: =Q58*$P58 -> 0 | T58: =R58*$P58 -> 0 | U58: 1 | V58: 0 | W58: =V58*$J58 -> 0 | X58: =V58*$U58 -> 0 | Y58: =W58*$U58 -> 0 | Z58: 1 | AA58: 0 | AB58: =AA58*$J58 -> 0 | AC58: =AA58*Z58 -> 0 | AD58: =AB58*Z58 -> 0 | AE58: 1 | AF58: 0 | AG58: =AF58*$J58 -> 0 | AH58: =AF58*AE58 -> 0 | AI58: =AG58*AE58 -> 0
D59: InTDev-01-C-17 | E59: UpgC, Dev Studio 2017 Limited, InTouch Dev/RT 64Tag | F59: Tech Support | G59: sum | H59: =IF(I59="","",IF(I59="ZAR","Local","Foreign")) -> Local | I59: ZAR | J59: =IF(H59="","",IF(H59="Foreign",VLOOKUP(I59,Currency!$E$20:$F$33,2,FALSE),1)) -> 1 | K59: 1 | L59: 0 | M59: =L59*$J59 -> 0 | N59: =L59*$K59 -> 0 | O59: =M59*$K59 -> 0 | P59: 1 | Q59: 0 | R59: =Q59*$J59 -> 0 | S59: =Q59*$P59 -> 0 | T59: =R59*$P59 -> 0 | U59: 1 | V59: 0 | W59: =V59*$J59 -> 0 | X59: =V59*$U59 -> 0 | Y59: =W59*$U59 -> 0 | Z59: 1 | AA59: 0 | AB59: =AA59*$J59 -> 0 | AC59: =AA59*Z59 -> 0 | AD59: =AB59*Z59 -> 0 | AE59: 1 | AF59: 0 | AG59: =AF59*$J59 -> 0 | AH59: =AF59*AE59 -> 0 | AI59: =AG59*AE59 -> 0
C60: 151487 Palmiet1 | D60: 12-12396 | E60: Upg, Dev Studio 2014R2 Limited, InTouch Dev/RT 64Tag | F60: Tech Support | G60: sum | H60: =IF(I60="","",IF(I60="ZAR","Local","Foreign")) -> Local | I60: ZAR | J60: =IF(H60="","",IF(H60="Foreign",VLOOKUP(I60,Currency!$E$20:$F$33,2,FALSE),1)) -> 1 | K60: 2 | L60: 0 | M60: =L60*$J60 -> 0 | N60: =L60*$K60 -> 0 | O60: =M60*$K60 -> 0 | P60: 2 | Q60: 0 | R60: =Q60*$J60 -> 0 | S60: =Q60*$P60 -> 0 | T60: =R60*$P60 -> 0 | U60: 2 | V60: 0 | W60: =V60*$J60 -> 0 | X60: =V60*$U60 -> 0 | Y60: =W60*$U60 -> 0 | Z60: 2 | AA60: 0 | AB60: =AA60*$J60 -> 0 | AC60: =AA60*Z60 -> 0 | AD60: =AB60*Z60 -> 0 | AE60: 2 | AF60: 0 | AG60: =AF60*$J60 -> 0 | AH60: =AF60*AE60 -> 0 | AI60: =AG60*AE60 -> 0
D61: 12-12285 | E61: Upg, Application Server 2014R2, Platform | F61: Tech Support | G61: sum | H61: =IF(I61="","",IF(I61="ZAR","Local","Foreign")) -> Local | I61: ZAR | J61: =IF(H61="","",IF(H61="Foreign",VLOOKUP(I61,Currency!$E$20:$F$33,2,FALSE),1)) -> 1 | K61: 8 | L61: 0 | M61: =L61*$J61 -> 0 | N61: =L61*$K61 -> 0 | O61: =M61*$K61 -> 0 | P61: 8 | Q61: 0 | R61: =Q61*$J61 -> 0 | S61: =Q61*$P61 -> 0 | T61: =R61*$P61 -> 0 | U61: 8 | V61: 0 | W61: =V61*$J61 -> 0 | X61: =V61*$U61 -> 0 | Y61: =W61*$U61 -> 0 | Z61: 8 | AA61: 0 | AB61: =AA61*$J61 -> 0 | AC61: =AA61*Z61 -> 0 | AD61: =AB61*Z61 -> 0 | AE61: 8 | AF61: 0 | AG61: =AF61*$J61 -> 0 | AH61: =AF61*AE61 -> 0 | AI61: =AG61*AE61 -> 0
D62: 12-12505 | E62: Upg, Wonderware Historian 2014R2 Standard, 5,000 Tag | F62: Tech Support | G62: sum | H62: =IF(I62="","",IF(I62="ZAR","Local","Foreign")) -> Local | I62: ZAR | J62: =IF(H62="","",IF(H62="Foreign",VLOOKUP(I62,Currency!$E$20:$F$33,2,FALSE),1)) -> 1 | K62: 1 | L62: 0 | M62: =L62*$J62 -> 0 | N62: =L62*$K62 -> 0 | O62: =M62*$K62 -> 0 | P62: 1 | Q62: 0 | R62: =Q62*$J62 -> 0 | S62: =Q62*$P62 -> 0 | T62: =R62*$P62 -> 0 | U62: 1 | V62: 0 | W62: =V62*$J62 -> 0 | X62: =V62*$U62 -> 0 | Y62: =W62*$U62 -> 0 | Z62: 1 | AA62: 0 | AB62: =AA62*$J62 -> 0 | AC62: =AA62*Z62 -> 0 | AD62: =AB62*Z62 -> 0 | AE62: 1 | AF62: 0 | AG62: =AF62*$J62 -> 0 | AH62: =AF62*AE62 -> 0 | AI62: =AG62*AE62 -> 0
D63: 12-12484 | E63: Upg, Device Integration Servers 2014R2 | F63: Tech Support | G63: sum | H63: =IF(I63="","",IF(I63="ZAR","Local","Foreign")) -> Local | I63: ZAR | J63: =IF(H63="","",IF(H63="Foreign",VLOOKUP(I63,Currency!$E$20:$F$33,2,FALSE),1)) -> 1 | K63: 2 | L63: 0 | M63: =L63*$J63 -> 0 | N63: =L63*$K63 -> 0 | O63: =M63*$K63 -> 0 | P63: 2 | Q63: 0 | R63: =Q63*$J63 -> 0 | S63: =Q63*$P63 -> 0 | T63: =R63*$P63 -> 0 | U63: 2 | V63: 0 | W63: =V63*$J63 -> 0 | X63: =V63*$U63 -> 0 | Y63: =W63*$U63 -> 0 | Z63: 2 | AA63: 0 | AB63: =AA63*$J63 -> 0 | AC63: =AA63*Z63 -> 0 | AD63: =AB63*Z63 -> 0 | AE63: 2 | AF63: 0 | AG63: =AF63*$J63 -> 0 | AH63: =AF63*AE63 -> 0 | AI63: =AG63*AE63 -> 0
D64: SP-4575A | E64: System Platform 2014R2, 25K IO/25K History - Application Server 25K IO with 4 Application Server Platforms, Historian Server 25K Tag Enterprise Edition, 2 Device Integration Servers, Information Server with 1 IS Advanced CAL (local only) | F64: Tech Support | G64: sum | H64: =IF(I64="","",IF(I64="ZAR","Local","Foreign")) -> Local | I64: ZAR | J64: =IF(H64="","",IF(H64="Foreign",VLOOKUP(I64,Currency!$E$20:$F$33,2,FALSE),1)) -> 1 | K64: 1 | L64: 0 | M64: =L64*$J64 -> 0 | N64: =L64*$K64 -> 0 | O64: =M64*$K64 -> 0 | P64: 1 | Q64: 0 | R64: =Q64*$J64 -> 0 | S64: =Q64*$P64 -> 0 | T64: =R64*$P64 -> 0 | U64: 1 | V64: 0 | W64: =V64*$J64 -> 0 | X64: =V64*$U64 -> 0 | Y64: =W64*$U64 -> 0 | Z64: 1 | AA64: 0 | AB64: =AA64*$J64 -> 0 | AC64: =AA64*Z64 -> 0 | AD64: =AB64*Z64 -> 0 | AE64: 1 | AF64: 0 | AG64: =AF64*$J64 -> 0 | AH64: =AF64*AE64 -> 0 | AI64: =AG64*AE64 -> 0
D65: 17-1399 | E65: Wonderware Historian Server 2014R2 Enterprise, 25,000 Tag | F65: Tech Support | G65: sum | H65: =IF(I65="","",IF(I65="ZAR","Local","Foreign")) -> Local | I65: ZAR | J65: =IF(H65="","",IF(H65="Foreign",VLOOKUP(I65,Currency!$E$20:$F$33,2,FALSE),1)) -> 1 | K65: 1 | L65: 0 | M65: =L65*$J65 -> 0 | N65: =L65*$K65 -> 0 | O65: =M65*$K65 -> 0 | P65: 1 | Q65: 0 | R65: =Q65*$J65 -> 0 | S65: =Q65*$P65 -> 0 | T65: =R65*$P65 -> 0 | U65: 1 | V65: 0 | W65: =V65*$J65 -> 0 | X65: =V65*$U65 -> 0 | Y65: =W65*$U65 -> 0 | Z65: 1 | AA65: 0 | AB65: =AA65*$J65 -> 0 | AC65: =AA65*Z65 -> 0 | AD65: =AB65*Z65 -> 0 | AE65: 1 | AF65: 0 | AG65: =AF65*$J65 -> 0 | AH65: =AF65*AE65 -> 0 | AI65: =AG65*AE65 -> 0
D66: 12-12291 | E66: Upg, Application Server 2014R2, 25K I/O | F66: Tech Support | G66: sum | H66: =IF(I66="","",IF(I66="ZAR","Local","Foreign")) -> Local | I66: ZAR | J66: =IF(H66="","",IF(H66="Foreign",VLOOKUP(I66,Currency!$E$20:$F$33,2,FALSE),1)) -> 1 | K66: 1 | L66: 0 | M66: =L66*$J66 -> 0 | N66: =L66*$K66 -> 0 | O66: =M66*$K66 -> 0 | P66: 1 | Q66: 0 | R66: =Q66*$J66 -> 0 | S66: =Q66*$P66 -> 0 | T66: =R66*$P66 -> 0 | U66: 1 | V66: 0 | W66: =V66*$J66 -> 0 | X66: =V66*$U66 -> 0 | Y66: =W66*$U66 -> 0 | Z66: 1 | AA66: 0 | AB66: =AA66*$J66 -> 0 | AC66: =AA66*Z66 -> 0 | AD66: =AB66*Z66 -> 0 | AE66: 1 | AF66: 0 | AG66: =AF66*$J66 -> 0 | AH66: =AF66*AE66 -> 0 | AI66: =AG66*AE66 -> 0
D67: 12-12286 | E67: Upg, Application Server 2014R2, GR Platform | F67: Tech Support | G67: sum | H67: =IF(I67="","",IF(I67="ZAR","Local","Foreign")) -> Local | I67: ZAR | J67: =IF(H67="","",IF(H67="Foreign",VLOOKUP(I67,Currency!$E$20:$F$33,2,FALSE),1)) -> 1 | K67: 1 | L67: 0 | M67: =L67*$J67 -> 0 | N67: =L67*$K67 -> 0 | O67: =M67*$K67 -> 0 | P67: 1 | Q67: 0 | R67: =Q67*$J67 -> 0 | S67: =Q67*$P67 -> 0 | T67: =R67*$P67 -> 0 | U67: 1 | V67: 0 | W67: =V67*$J67 -> 0 | X67: =V67*$U67 -> 0 | Y67: =W67*$U67 -> 0 | Z67: 1 | AA67: 0 | AB67: =AA67*$J67 -> 0 | AC67: =AA67*Z67 -> 0 | AD67: =AB67*Z67 -> 0 | AE67: 1 | AF67: 0 | AG67: =AF67*$J67 -> 0 | AH67: =AF67*AE67 -> 0 | AI67: =AG67*AE67 -> 0
D68: 12-12366 | E68: Upg, InTouch for SysPlatform 2014R2 w/o HistClient | F68: Tech Support | G68: sum | H68: =IF(I68="","",IF(I68="ZAR","Local","Foreign")) -> Local | I68: ZAR | J68: =IF(H68="","",IF(H68="Foreign",VLOOKUP(I68,Currency!$E$20:$F$33,2,FALSE),1)) -> 1 | K68: 5 | L68: 0 | M68: =L68*$J68 -> 0 | N68: =L68*$K68 -> 0 | O68: =M68*$K68 -> 0 | P68: 5 | Q68: 0 | R68: =Q68*$J68 -> 0 | S68: =Q68*$P68 -> 0 | T68: =R68*$P68 -> 0 | U68: 5 | V68: 0 | W68: =V68*$J68 -> 0 | X68: =V68*$U68 -> 0 | Y68: =W68*$U68 -> 0 | Z68: 5 | AA68: 0 | AB68: =AA68*$J68 -> 0 | AC68: =AA68*Z68 -> 0 | AD68: =AB68*Z68 -> 0 | AE68: 5 | AF68: 0 | AG68: =AF68*$J68 -> 0 | AH68: =AF68*AE68 -> 0 | AI68: =AG68*AE68 -> 0
D69: 12-12407 | E69: Upg, InTouch 2014R2 Runtime 3K Tag without I/O | F69: Tech Support | G69: sum | H69: =IF(I69="","",IF(I69="ZAR","Local","Foreign")) -> Local | I69: ZAR | J69: =IF(H69="","",IF(H69="Foreign",VLOOKUP(I69,Currency!$E$20:$F$33,2,FALSE),1)) -> 1 | K69: 2 | L69: 0 | M69: =L69*$J69 -> 0 | N69: =L69*$K69 -> 0 | O69: =M69*$K69 -> 0 | P69: 2 | Q69: 0 | R69: =Q69*$J69 -> 0 | S69: =Q69*$P69 -> 0 | T69: =R69*$P69 -> 0 | U69: 2 | V69: 0 | W69: =V69*$J69 -> 0 | X69: =V69*$U69 -> 0 | Y69: =W69*$U69 -> 0 | Z69: 2 | AA69: 0 | AB69: =AA69*$J69 -> 0 | AC69: =AA69*Z69 -> 0 | AD69: =AB69*Z69 -> 0 | AE69: 2 | AF69: 0 | AG69: =AF69*$J69 -> 0 | AH69: =AF69*AE69 -> 0 | AI69: =AG69*AE69 -> 0
D70: 12-12319 | E70: Upg, WW Historian Client 2014R2 Per Server Conc, 5 User | F70: Tech Support | G70: sum | H70: =IF(I70="","",IF(I70="ZAR","Local","Foreign")) -> Local | I70: ZAR | J70: =IF(H70="","",IF(H70="Foreign",VLOOKUP(I70,Currency!$E$20:$F$33,2,FALSE),1)) -> 1 | K70: 1 | L70: 0 | M70: =L70*$J70 -> 0 | N70: =L70*$K70 -> 0 | O70: =M70*$K70 -> 0 | P70: 1 | Q70: 0 | R70: =Q70*$J70 -> 0 | S70: =Q70*$P70 -> 0 | T70: =R70*$P70 -> 0 | U70: 1 | V70: 0 | W70: =V70*$J70 -> 0 | X70: =V70*$U70 -> 0 | Y70: =W70*$U70 -> 0 | Z70: 1 | AA70: 0 | AB70: =AA70*$J70 -> 0 | AC70: =AA70*Z70 -> 0 | AD70: =AB70*Z70 -> 0 | AE70: 1 | AF70: 0 | AG70: =AF70*$J70 -> 0 | AH70: =AF70*AE70 -> 0 | AI70: =AG70*AE70 -> 0
D71: 12-12897 | E71: Upg, WW CAL without MS CAL, 5 Pack, SQL 2014 Std | F71: Tech Support | G71: sum | H71: =IF(I71="","",IF(I71="ZAR","Local","Foreign")) -> Local | I71: ZAR | J71: =IF(H71="","",IF(H71="Foreign",VLOOKUP(I71,Currency!$E$20:$F$33,2,FALSE),1)) -> 1 | K71: 5 | L71: 0 | M71: =L71*$J71 -> 0 | N71: =L71*$K71 -> 0 | O71: =M71*$K71 -> 0 | P71: 5 | Q71: 0 | R71: =Q71*$J71 -> 0 | S71: =Q71*$P71 -> 0 | T71: =R71*$P71 -> 0 | U71: 5 | V71: 0 | W71: =V71*$J71 -> 0 | X71: =V71*$U71 -> 0 | Y71: =W71*$U71 -> 0 | Z71: 5 | AA71: 0 | AB71: =AA71*$J71 -> 0 | AC71: =AA71*Z71 -> 0 | AD71: =AB71*Z71 -> 0 | AE71: 5 | AF71: 0 | AG71: =AF71*$J71 -> 0 | AH71: =AF71*AE71 -> 0 | AI71: =AG71*AE71 -> 0
C72: 223005 Kendal CID | D72: CT101115 | E72: CitectSCADA, Full, 15000 points, Plant SCADA Server, 15000 Points | F72: Full Support | G72: sum | H72: =IF(I72="","",IF(I72="ZAR","Local","Foreign")) -> Local | I72: ZAR | J72: =IF(H72="","",IF(H72="Foreign",VLOOKUP(I72,Currency!$E$20:$F$33,2,FALSE),1)) -> 1 | K72: 7 | L72: 0 | M72: =L72*$J72 -> 0 | N72: =L72*$K72 -> 0 | O72: =M72*$K72 -> 0 | P72: 7 | Q72: 0 | R72: =Q72*$J72 -> 0 | S72: =Q72*$P72 -> 0 | T72: =R72*$P72 -> 0 | U72: 7 | V72: 0 | W72: =V72*$J72 -> 0 | X72: =V72*$U72 -> 0 | Y72: =W72*$U72 -> 0 | Z72: 7 | AA72: 0 | AB72: =AA72*$J72 -> 0 | AC72: =AA72*Z72 -> 0 | AD72: =AB72*Z72 -> 0 | AE72: 7 | AF72: 0 | AG72: =AF72*$J72 -> 0 | AH72: =AF72*AE72 -> 0 | AI72: =AG72*AE72 -> 0
D73: CT305140 | E73: Driver-PSDIRECT ETH, PSDirect ETH Driver | F73: Full Support | G73: sum | H73: =IF(I73="","",IF(I73="ZAR","Local","Foreign")) -> Local | I73: ZAR | J73: =IF(H73="","",IF(H73="Foreign",VLOOKUP(I73,Currency!$E$20:$F$33,2,FALSE),1)) -> 1 | K73: 9 | L73: 0 | M73: =L73*$J73 -> 0 | N73: =L73*$K73 -> 0 | O73: =M73*$K73 -> 0 | P73: 9 | Q73: 0 | R73: =Q73*$J73 -> 0 | S73: =Q73*$P73 -> 0 | T73: =R73*$P73 -> 0 | U73: 9 | V73: 0 | W73: =V73*$J73 -> 0 | X73: =V73*$U73 -> 0 | Y73: =W73*$U73 -> 0 | Z73: 9 | AA73: 0 | AB73: =AA73*$J73 -> 0 | AC73: =AA73*Z73 -> 0 | AD73: =AB73*Z73 -> 0 | AE73: 9 | AF73: 0 | AG73: =AF73*$J73 -> 0 | AH73: =AF73*AE73 -> 0 | AI73: =AG73*AE73 -> 0
D74: CT101145 | E74: Plant SCADA Server, 100000 Tags | F74: Full Support | G74: sum | H74: =IF(I74="","",IF(I74="ZAR","Local","Foreign")) -> Local | I74: ZAR | J74: =IF(H74="","",IF(H74="Foreign",VLOOKUP(I74,Currency!$E$20:$F$33,2,FALSE),1)) -> 1 | K74: 4 | L74: 0 | M74: =L74*$J74 -> 0 | N74: =L74*$K74 -> 0 | O74: =M74*$K74 -> 0 | P74: 4 | Q74: 0 | R74: =Q74*$J74 -> 0 | S74: =Q74*$P74 -> 0 | T74: =R74*$P74 -> 0 | U74: 4 | V74: 0 | W74: =V74*$J74 -> 0 | X74: =V74*$U74 -> 0 | Y74: =W74*$U74 -> 0 | Z74: 4 | AA74: 0 | AB74: =AA74*$J74 -> 0 | AC74: =AA74*Z74 -> 0 | AD74: =AB74*Z74 -> 0 | AE74: 4 | AF74: 0 | AG74: =AF74*$J74 -> 0 | AH74: =AF74*AE74 -> 0 | AI74: =AG74*AE74 -> 0
D75: CT102015 | E75: CitectSCADA, Display Client, 15000 points | F75: Full Support | G75: sum | H75: =IF(I75="","",IF(I75="ZAR","Local","Foreign")) -> Local | I75: ZAR | J75: =IF(H75="","",IF(H75="Foreign",VLOOKUP(I75,Currency!$E$20:$F$33,2,FALSE),1)) -> 1 | K75: 14 | L75: 0 | M75: =L75*$J75 -> 0 | N75: =L75*$K75 -> 0 | O75: =M75*$K75 -> 0 | P75: 14 | Q75: 0 | R75: =Q75*$J75 -> 0 | S75: =Q75*$P75 -> 0 | T75: =R75*$P75 -> 0 | U75: 14 | V75: 0 | W75: =V75*$J75 -> 0 | X75: =V75*$U75 -> 0 | Y75: =W75*$U75 -> 0 | Z75: 14 | AA75: 0 | AB75: =AA75*$J75 -> 0 | AC75: =AA75*Z75 -> 0 | AD75: =AB75*Z75 -> 0 | AE75: 14 | AF75: 0 | AG75: =AF75*$J75 -> 0 | AH75: =AF75*AE75 -> 0 | AI75: =AG75*AE75 -> 0
D76: CT102045 | E76: Plant SCADA Control Client, 100000 Tags | F76: Full Support | G76: sum | H76: =IF(I76="","",IF(I76="ZAR","Local","Foreign")) -> Local | I76: ZAR | J76: =IF(H76="","",IF(H76="Foreign",VLOOKUP(I76,Currency!$E$20:$F$33,2,FALSE),1)) -> 1 | K76: 3 | L76: 0 | M76: =L76*$J76 -> 0 | N76: =L76*$K76 -> 0 | O76: =M76*$K76 -> 0 | P76: 3 | Q76: 0 | R76: =Q76*$J76 -> 0 | S76: =Q76*$P76 -> 0 | T76: =R76*$P76 -> 0 | U76: 3 | V76: 0 | W76: =V76*$J76 -> 0 | X76: =V76*$U76 -> 0 | Y76: =W76*$U76 -> 0 | Z76: 3 | AA76: 0 | AB76: =AA76*$J76 -> 0 | AC76: =AA76*Z76 -> 0 | AD76: =AB76*Z76 -> 0 | AE76: 3 | AF76: 0 | AG76: =AF76*$J76 -> 0 | AH76: =AF76*AE76 -> 0 | AI76: =AG76*AE76 -> 0
D77: CT101114 | E77: CScada-Full-5000 pt | F77: Full Support | G77: sum | H77: =IF(I77="","",IF(I77="ZAR","Local","Foreign")) -> Local | I77: ZAR | J77: =IF(H77="","",IF(H77="Foreign",VLOOKUP(I77,Currency!$E$20:$F$33,2,FALSE),1)) -> 1 | K77: 1 | L77: 0 | M77: =L77*$J77 -> 0 | N77: =L77*$K77 -> 0 | O77: =M77*$K77 -> 0 | P77: 1 | Q77: 0 | R77: =Q77*$J77 -> 0 | S77: =Q77*$P77 -> 0 | T77: =R77*$P77 -> 0 | U77: 1 | V77: 0 | W77: =V77*$J77 -> 0 | X77: =V77*$U77 -> 0 | Y77: =W77*$U77 -> 0 | Z77: 1 | AA77: 0 | AB77: =AA77*$J77 -> 0 | AC77: =AA77*Z77 -> 0 | AD77: =AB77*Z77 -> 0 | AE77: 1 | AF77: 0 | AG77: =AF77*$J77 -> 0 | AH77: =AF77*AE77 -> 0 | AI77: =AG77*AE77 -> 0
D78: CT102014 | E78: CScada-Control Client-5000 pt | F78: Full Support | G78: sum | H78: =IF(I78="","",IF(I78="ZAR","Local","Foreign")) -> Local | I78: ZAR | J78: =IF(H78="","",IF(H78="Foreign",VLOOKUP(I78,Currency!$E$20:$F$33,2,FALSE),1)) -> 1 | K78: 2 | L78: 0 | M78: =L78*$J78 -> 0 | N78: =L78*$K78 -> 0 | O78: =M78*$K78 -> 0 | P78: 2 | Q78: 0 | R78: =Q78*$J78 -> 0 | S78: =Q78*$P78 -> 0 | T78: =R78*$P78 -> 0 | U78: 2 | V78: 0 | W78: =V78*$J78 -> 0 | X78: =V78*$U78 -> 0 | Y78: =W78*$U78 -> 0 | Z78: 2 | AA78: 0 | AB78: =AA78*$J78 -> 0 | AC78: =AA78*Z78 -> 0 | AD78: =AB78*Z78 -> 0 | AE78: 2 | AF78: 0 | AG78: =AF78*$J78 -> 0 | AH78: =AF78*AE78 -> 0 | AI78: =AG78*AE78 -> 0
D79: CT102099 | E79: Plant SCADA Control Client, Unlimited Points | F79: Limited Support | G79: sum | H79: =IF(I79="","",IF(I79="ZAR","Local","Foreign")) -> Local | I79: ZAR | J79: =IF(H79="","",IF(H79="Foreign",VLOOKUP(I79,Currency!$E$20:$F$33,2,FALSE),1)) -> 1 | K79: 2 | L79: 0 | M79: =L79*$J79 -> 0 | N79: =L79*$K79 -> 0 | O79: =M79*$K79 -> 0 | P79: 2 | Q79: 0 | R79: =Q79*$J79 -> 0 | S79: =Q79*$P79 -> 0 | T79: =R79*$P79 -> 0 | U79: 2 | V79: 0 | W79: =V79*$J79 -> 0 | X79: =V79*$U79 -> 0 | Y79: =W79*$U79 -> 0 | Z79: 2 | AA79: 0 | AB79: =AA79*$J79 -> 0 | AC79: =AA79*Z79 -> 0 | AD79: =AB79*Z79 -> 0 | AE79: 2 | AF79: 0 | AG79: =AF79*$J79 -> 0 | AH79: =AF79*AE79 -> 0 | AI79: =AG79*AE79 -> 0
D80: CT101136 | E80: Plant SCADA Server, 10000 Tags | F80: Limited Support | G80: sum | H80: =IF(I80="","",IF(I80="ZAR","Local","Foreign")) -> Local | I80: ZAR | J80: =IF(H80="","",IF(H80="Foreign",VLOOKUP(I80,Currency!$E$20:$F$33,2,FALSE),1)) -> 1 | K80: 1 | L80: 0 | M80: =L80*$J80 -> 0 | N80: =L80*$K80 -> 0 | O80: =M80*$K80 -> 0 | P80: 1 | Q80: 0 | R80: =Q80*$J80 -> 0 | S80: =Q80*$P80 -> 0 | T80: =R80*$P80 -> 0 | U80: 1 | V80: 0 | W80: =V80*$J80 -> 0 | X80: =V80*$U80 -> 0 | Y80: =W80*$U80 -> 0 | Z80: 1 | AA80: 0 | AB80: =AA80*$J80 -> 0 | AC80: =AA80*Z80 -> 0 | AD80: =AB80*Z80 -> 0 | AE80: 1 | AF80: 0 | AG80: =AF80*$J80 -> 0 | AH80: =AF80*AE80 -> 0 | AI80: =AG80*AE80 -> 0
D81: PltSCP-03-N-23 | E81: AVEVA Plant SCADA 2023 Server 10000 Tags | F81: Full Support | G81: sum | H81: =IF(I81="","",IF(I81="ZAR","Local","Foreign")) -> Local | I81: ZAR | J81: =IF(H81="","",IF(H81="Foreign",VLOOKUP(I81,Currency!$E$20:$F$33,2,FALSE),1)) -> 1 | K81: 1 | L81: 0 | M81: =L81*$J81 -> 0 | N81: =L81*$K81 -> 0 | O81: =M81*$K81 -> 0 | P81: 1 | Q81: 0 | R81: =Q81*$J81 -> 0 | S81: =Q81*$P81 -> 0 | T81: =R81*$P81 -> 0 | U81: 1 | V81: 0 | W81: =V81*$J81 -> 0 | X81: =V81*$U81 -> 0 | Y81: =W81*$U81 -> 0 | Z81: 1 | AA81: 0 | AB81: =AA81*$J81 -> 0 | AC81: =AA81*Z81 -> 0 | AD81: =AB81*Z81 -> 0 | AE81: 1 | AF81: 0 | AG81: =AF81*$J81 -> 0 | AH81: =AF81*AE81 -> 0 | AI81: =AG81*AE81 -> 0
C82: 267447 Lethabo 2 | D82: InTch-06-C-231 | E82: UpgC, AVEVA InTouch HMI 2023 R2 Workstation 100K Tag with I/O | F82: Full Support | G82: sum | H82: =IF(I82="","",IF(I82="ZAR","Local","Foreign")) -> Local | I82: ZAR | J82: =IF(H82="","",IF(H82="Foreign",VLOOKUP(I82,Currency!$E$20:$F$33,2,FALSE),1)) -> 1 | K82: 6 | L82: 0 | M82: =L82*$J82 -> 0 | N82: =L82*$K82 -> 0 | O82: =M82*$K82 -> 0 | P82: 6 | Q82: 0 | R82: =Q82*$J82 -> 0 | S82: =Q82*$P82 -> 0 | T82: =R82*$P82 -> 0 | U82: 6 | V82: 0 | W82: =V82*$J82 -> 0 | X82: =V82*$U82 -> 0 | Y82: =W82*$U82 -> 0 | Z82: 6 | AA82: 0 | AB82: =AA82*$J82 -> 0 | AC82: =AA82*Z82 -> 0 | AD82: =AB82*Z82 -> 0 | AE82: 6 | AF82: 0 | AG82: =AF82*$J82 -> 0 | AH82: =AF82*AE82 -> 0 | AI82: =AG82*AE82 -> 0
D83: InTch-05-C-231 | E83: UpgC, AVEVA InTouch HMI 2023 R2 Workstation 10K Tag with I/O | F83: Full Support | G83: sum | H83: =IF(I83="","",IF(I83="ZAR","Local","Foreign")) -> Local | I83: ZAR | J83: =IF(H83="","",IF(H83="Foreign",VLOOKUP(I83,Currency!$E$20:$F$33,2,FALSE),1)) -> 1 | K83: 2 | L83: 0 | M83: =L83*$J83 -> 0 | N83: =L83*$K83 -> 0 | O83: =M83*$K83 -> 0 | P83: 2 | Q83: 0 | R83: =Q83*$J83 -> 0 | S83: =Q83*$P83 -> 0 | T83: =R83*$P83 -> 0 | U83: 2 | V83: 0 | W83: =V83*$J83 -> 0 | X83: =V83*$U83 -> 0 | Y83: =W83*$U83 -> 0 | Z83: 2 | AA83: 0 | AB83: =AA83*$J83 -> 0 | AC83: =AA83*Z83 -> 0 | AD83: =AB83*Z83 -> 0 | AE83: 2 | AF83: 0 | AG83: =AF83*$J83 -> 0 | AH83: =AF83*AE83 -> 0 | AI83: =AG83*AE83 -> 0
D84: DevStd-03-C-231 | E84: UpgC, AVEVA Development Studio 2023 R2 Large, 5K/10K/500 | F84: Full Support | G84: sum | H84: =IF(I84="","",IF(I84="ZAR","Local","Foreign")) -> Local | I84: ZAR | J84: =IF(H84="","",IF(H84="Foreign",VLOOKUP(I84,Currency!$E$20:$F$33,2,FALSE),1)) -> 1 | K84: 1 | L84: 0 | M84: =L84*$J84 -> 0 | N84: =L84*$K84 -> 0 | O84: =M84*$K84 -> 0 | P84: 1 | Q84: 0 | R84: =Q84*$J84 -> 0 | S84: =Q84*$P84 -> 0 | T84: =R84*$P84 -> 0 | U84: 1 | V84: 0 | W84: =V84*$J84 -> 0 | X84: =V84*$U84 -> 0 | Y84: =W84*$U84 -> 0 | Z84: 1 | AA84: 0 | AB84: =AA84*$J84 -> 0 | AC84: =AA84*Z84 -> 0 | AD84: =AB84*Z84 -> 0 | AE84: 1 | AF84: 0 | AG84: =AF84*$J84 -> 0 | AH84: =AF84*AE84 -> 0 | AI84: =AG84*AE84 -> 0
D85: InTch-06-N-23 | E85: AVEVA InTouch HMI 2023 Workstation 100K Tag with I/O | F85: Full Support | G85: sum | H85: =IF(I85="","",IF(I85="ZAR","Local","Foreign")) -> Local | I85: ZAR | J85: =IF(H85="","",IF(H85="Foreign",VLOOKUP(I85,Currency!$E$20:$F$33,2,FALSE),1)) -> 1 | K85: 3 | L85: 0 | M85: =L85*$J85 -> 0 | N85: =L85*$K85 -> 0 | O85: =M85*$K85 -> 0 | P85: 3 | Q85: 0 | R85: =Q85*$J85 -> 0 | S85: =Q85*$P85 -> 0 | T85: =R85*$P85 -> 0 | U85: 3 | V85: 0 | W85: =V85*$J85 -> 0 | X85: =V85*$U85 -> 0 | Y85: =W85*$U85 -> 0 | Z85: 3 | AA85: 0 | AB85: =AA85*$J85 -> 0 | AC85: =AA85*Z85 -> 0 | AD85: =AB85*Z85 -> 0 | AE85: 3 | AF85: 0 | AG85: =AF85*$J85 -> 0 | AH85: =AF85*AE85 -> 0 | AI85: =AG85*AE85 -> 0
C86: 268698 Kendal | D86: AppSvr-14-N-17 | E86: Application Server 2017, 100K I/O | F86: Tech Support | G86: sum | H86: =IF(I86="","",IF(I86="ZAR","Local","Foreign")) -> Local | I86: ZAR | J86: =IF(H86="","",IF(H86="Foreign",VLOOKUP(I86,Currency!$E$20:$F$33,2,FALSE),1)) -> 1 | K86: 1 | L86: 0 | M86: =L86*$J86 -> 0 | N86: =L86*$K86 -> 0 | O86: =M86*$K86 -> 0 | P86: 1 | Q86: 0 | R86: =Q86*$J86 -> 0 | S86: =Q86*$P86 -> 0 | T86: =R86*$P86 -> 0 | U86: 1 | V86: 0 | W86: =V86*$J86 -> 0 | X86: =V86*$U86 -> 0 | Y86: =W86*$U86 -> 0 | Z86: 1 | AA86: 0 | AB86: =AA86*$J86 -> 0 | AC86: =AA86*Z86 -> 0 | AD86: =AB86*Z86 -> 0 | AE86: 1 | AF86: 0 | AG86: =AF86*$J86 -> 0 | AH86: =AF86*AE86 -> 0 | AI86: =AG86*AE86 -> 0
D87: SysPlt-14-N-17 | E87: System Platform 2017, 100K IO/50K History - Application Server 100K IO, Historian Server Standard 50K Tag, 2 OI Server Professional, 1 InSight Client. | F87: Tech Support | G87: sum | H87: =IF(I87="","",IF(I87="ZAR","Local","Foreign")) -> Local | I87: ZAR | J87: =IF(H87="","",IF(H87="Foreign",VLOOKUP(I87,Currency!$E$20:$F$33,2,FALSE),1)) -> 1 | K87: 1 | L87: 0 | M87: =L87*$J87 -> 0 | N87: =L87*$K87 -> 0 | O87: =M87*$K87 -> 0 | P87: 1 | Q87: 0 | R87: =Q87*$J87 -> 0 | S87: =Q87*$P87 -> 0 | T87: =R87*$P87 -> 0 | U87: 1 | V87: 0 | W87: =V87*$J87 -> 0 | X87: =V87*$U87 -> 0 | Y87: =W87*$U87 -> 0 | Z87: 1 | AA87: 0 | AB87: =AA87*$J87 -> 0 | AC87: =AA87*Z87 -> 0 | AD87: =AB87*Z87 -> 0 | AE87: 1 | AF87: 0 | AG87: =AF87*$J87 -> 0 | AH87: =AF87*AE87 -> 0 | AI87: =AG87*AE87 -> 0
D88: HstStd-58-N-17 | E88: Historian Server 2017 Standard, 50,000 Tag | F88: Tech Support | G88: sum | H88: =IF(I88="","",IF(I88="ZAR","Local","Foreign")) -> Local | I88: ZAR | J88: =IF(H88="","",IF(H88="Foreign",VLOOKUP(I88,Currency!$E$20:$F$33,2,FALSE),1)) -> 1 | K88: 1 | L88: 0 | M88: =L88*$J88 -> 0 | N88: =L88*$K88 -> 0 | O88: =M88*$K88 -> 0 | P88: 1 | Q88: 0 | R88: =Q88*$J88 -> 0 | S88: =Q88*$P88 -> 0 | T88: =R88*$P88 -> 0 | U88: 1 | V88: 0 | W88: =V88*$J88 -> 0 | X88: =V88*$U88 -> 0 | Y88: =W88*$U88 -> 0 | Z88: 1 | AA88: 0 | AB88: =AA88*$J88 -> 0 | AC88: =AA88*Z88 -> 0 | AD88: =AB88*Z88 -> 0 | AE88: 1 | AF88: 0 | AG88: =AF88*$J88 -> 0 | AH88: =AF88*AE88 -> 0 | AI88: =AG88*AE88 -> 0
D89: OIServ-52-N-17 | E89: OI Servers Professional G-2.0_ | F89: Tech Support | G89: sum | H89: =IF(I89="","",IF(I89="ZAR","Local","Foreign")) -> Local | I89: ZAR | J89: =IF(H89="","",IF(H89="Foreign",VLOOKUP(I89,Currency!$E$20:$F$33,2,FALSE),1)) -> 1 | K89: 2 | L89: 0 | M89: =L89*$J89 -> 0 | N89: =L89*$K89 -> 0 | O89: =M89*$K89 -> 0 | P89: 2 | Q89: 0 | R89: =Q89*$J89 -> 0 | S89: =Q89*$P89 -> 0 | T89: =R89*$P89 -> 0 | U89: 2 | V89: 0 | W89: =V89*$J89 -> 0 | X89: =V89*$U89 -> 0 | Y89: =W89*$U89 -> 0 | Z89: 2 | AA89: 0 | AB89: =AA89*$J89 -> 0 | AC89: =AA89*Z89 -> 0 | AD89: =AB89*Z89 -> 0 | AE89: 2 | AF89: 0 | AG89: =AF89*$J89 -> 0 | AH89: =AF89*AE89 -> 0 | AI89: =AG89*AE89 -> 0
D90: SupClt-12-N-17 | E90: Supervisory Client w/o HistClient 2017, MSCAL | F90: Tech Support | G90: sum | H90: =IF(I90="","",IF(I90="ZAR","Local","Foreign")) -> Local | I90: ZAR | J90: =IF(H90="","",IF(H90="Foreign",VLOOKUP(I90,Currency!$E$20:$F$33,2,FALSE),1)) -> 1 | K90: 24 | L90: 0 | M90: =L90*$J90 -> 0 | N90: =L90*$K90 -> 0 | O90: =M90*$K90 -> 0 | P90: 24 | Q90: 0 | R90: =Q90*$J90 -> 0 | S90: =Q90*$P90 -> 0 | T90: =R90*$P90 -> 0 | U90: 24 | V90: 0 | W90: =V90*$J90 -> 0 | X90: =V90*$U90 -> 0 | Y90: =W90*$U90 -> 0 | Z90: 24 | AA90: 0 | AB90: =AA90*$J90 -> 0 | AC90: =AA90*Z90 -> 0 | AD90: =AB90*Z90 -> 0 | AE90: 24 | AF90: 0 | AG90: =AF90*$J90 -> 0 | AH90: =AF90*AE90 -> 0 | AI90: =AG90*AE90 -> 0
D91: DevStd-04-N-17 | E91: Development Studio 2017 Unlimited, Unlim/60K/500 | F91: Tech Support | G91: sum | H91: =IF(I91="","",IF(I91="ZAR","Local","Foreign")) -> Local | I91: ZAR | J91: =IF(H91="","",IF(H91="Foreign",VLOOKUP(I91,Currency!$E$20:$F$33,2,FALSE),1)) -> 1 | K91: 1 | L91: 0 | M91: =L91*$J91 -> 0 | N91: =L91*$K91 -> 0 | O91: =M91*$K91 -> 0 | P91: 1 | Q91: 0 | R91: =Q91*$J91 -> 0 | S91: =Q91*$P91 -> 0 | T91: =R91*$P91 -> 0 | U91: 1 | V91: 0 | W91: =V91*$J91 -> 0 | X91: =V91*$U91 -> 0 | Y91: =W91*$U91 -> 0 | Z91: 1 | AA91: 0 | AB91: =AA91*$J91 -> 0 | AC91: =AA91*Z91 -> 0 | AD91: =AB91*Z91 -> 0 | AE91: 1 | AF91: 0 | AG91: =AF91*$J91 -> 0 | AH91: =AF91*AE91 -> 0 | AI91: =AG91*AE91 -> 0
D92: OIServ-01-N-17 | E92: OI Servers Standard G-2.0 | F92: Tech Support | G92: sum | H92: =IF(I92="","",IF(I92="ZAR","Local","Foreign")) -> Local | I92: ZAR | J92: =IF(H92="","",IF(H92="Foreign",VLOOKUP(I92,Currency!$E$20:$F$33,2,FALSE),1)) -> 1 | K92: 10 | L92: 0 | M92: =L92*$J92 -> 0 | N92: =L92*$K92 -> 0 | O92: =M92*$K92 -> 0 | P92: 10 | Q92: 0 | R92: =Q92*$J92 -> 0 | S92: =Q92*$P92 -> 0 | T92: =R92*$P92 -> 0 | U92: 10 | V92: 0 | W92: =V92*$J92 -> 0 | X92: =V92*$U92 -> 0 | Y92: =W92*$U92 -> 0 | Z92: 10 | AA92: 0 | AB92: =AA92*$J92 -> 0 | AC92: =AA92*Z92 -> 0 | AD92: =AB92*Z92 -> 0 | AE92: 10 | AF92: 0 | AG92: =AF92*$J92 -> 0 | AH92: =AF92*AE92 -> 0 | AI92: =AG92*AE92 -> 0
C93: 312185 Kendal Flex | D93: FLEXCR-01 | E93: AVEVA Flex Credits | F93: Tech Support | G93: sum | H93: =IF(I93="","",IF(I93="ZAR","Local","Foreign")) -> Local | I93: ZAR | J93: =IF(H93="","",IF(H93="Foreign",VLOOKUP(I93,Currency!$E$20:$F$33,2,FALSE),1)) -> 1 | K93: 1 | L93: 0 | M93: =L93*$J93 -> 0 | N93: =L93*$K93 -> 0 | O93: =M93*$K93 -> 0 | P93: 1 | Q93: 0 | R93: =Q93*$J93 -> 0 | S93: =Q93*$P93 -> 0 | T93: =R93*$P93 -> 0 | U93: 1 | V93: 0 | W93: =V93*$J93 -> 0 | X93: =V93*$U93 -> 0 | Y93: =W93*$U93 -> 0 | Z93: 1 | AA93: 0 | AB93: =AA93*$J93 -> 0 | AC93: =AA93*Z93 -> 0 | AD93: =AB93*Z93 -> 0 | AE93: 1 | AF93: 0 | AG93: =AF93*$J93 -> 0 | AH93: =AF93*AE93 -> 0 | AI93: =AG93*AE93 -> 0
D94: FLEX-Pr-1-S | E94: AVEVA Flex-Customer FIRST Premium 1 Yr | F94: Tech Support | G94: sum | H94: =IF(I94="","",IF(I94="ZAR","Local","Foreign")) -> Local | I94: ZAR | J94: =IF(H94="","",IF(H94="Foreign",VLOOKUP(I94,Currency!$E$20:$F$33,2,FALSE),1)) -> 1 | K94: 1 | L94: 0 | M94: =L94*$J94 -> 0 | N94: =L94*$K94 -> 0 | O94: =M94*$K94 -> 0 | P94: 1 | Q94: 0 | R94: =Q94*$J94 -> 0 | S94: =Q94*$P94 -> 0 | T94: =R94*$P94 -> 0 | U94: 1 | V94: 0 | W94: =V94*$J94 -> 0 | X94: =V94*$U94 -> 0 | Y94: =W94*$U94 -> 0 | Z94: 1 | AA94: 0 | AB94: =AA94*$J94 -> 0 | AC94: =AA94*Z94 -> 0 | AD94: =AB94*Z94 -> 0 | AE94: 1 | AF94: 0 | AG94: =AF94*$J94 -> 0 | AH94: =AF94*AE94 -> 0 | AI94: =AG94*AE94 -> 0
D95: HstLoc-01-F-231 | E95: Hist 2023 R2 Local, Flex | F95: Full Support | G95: sum | H95: =IF(I95="","",IF(I95="ZAR","Local","Foreign")) -> Local | I95: ZAR | J95: =IF(H95="","",IF(H95="Foreign",VLOOKUP(I95,Currency!$E$20:$F$33,2,FALSE),1)) -> 1 | K95: 6 | L95: 0 | M95: =L95*$J95 -> 0 | N95: =L95*$K95 -> 0 | O95: =M95*$K95 -> 0 | P95: 6 | Q95: 0 | R95: =Q95*$J95 -> 0 | S95: =Q95*$P95 -> 0 | T95: =R95*$P95 -> 0 | U95: 6 | V95: 0 | W95: =V95*$J95 -> 0 | X95: =V95*$U95 -> 0 | Y95: =W95*$U95 -> 0 | Z95: 6 | AA95: 0 | AB95: =AA95*$J95 -> 0 | AC95: =AA95*Z95 -> 0 | AD95: =AB95*Z95 -> 0 | AE95: 6 | AF95: 0 | AG95: =AF95*$J95 -> 0 | AH95: =AF95*AE95 -> 0 | AI95: =AG95*AE95 -> 0
D96: ComDrv-01-F-231 | E96: AVEVA Communication Drivers 2023 R2 Standard, Flex | F96: Full Support | G96: sum | H96: =IF(I96="","",IF(I96="ZAR","Local","Foreign")) -> Local | I96: ZAR | J96: =IF(H96="","",IF(H96="Foreign",VLOOKUP(I96,Currency!$E$20:$F$33,2,FALSE),1)) -> 1 | K96: 6 | L96: 0 | M96: =L96*$J96 -> 0 | N96: =L96*$K96 -> 0 | O96: =M96*$K96 -> 0 | P96: 6 | Q96: 0 | R96: =Q96*$J96 -> 0 | S96: =Q96*$P96 -> 0 | T96: =R96*$P96 -> 0 | U96: 6 | V96: 0 | W96: =V96*$J96 -> 0 | X96: =V96*$U96 -> 0 | Y96: =W96*$U96 -> 0 | Z96: 6 | AA96: 0 | AB96: =AA96*$J96 -> 0 | AC96: =AA96*Z96 -> 0 | AD96: =AB96*Z96 -> 0 | AE96: 6 | AF96: 0 | AG96: =AF96*$J96 -> 0 | AH96: =AF96*AE96 -> 0 | AI96: =AG96*AE96 -> 0
D97: ComDrv-02-F-231 | E97: Communication Drivers 2023 R2 Standard, Rdndt, Flex | F97: Full Support | G97: sum | H97: =IF(I97="","",IF(I97="ZAR","Local","Foreign")) -> Local | I97: ZAR | J97: =IF(H97="","",IF(H97="Foreign",VLOOKUP(I97,Currency!$E$20:$F$33,2,FALSE),1)) -> 1 | K97: 6 | L97: 0 | M97: =L97*$J97 -> 0 | N97: =L97*$K97 -> 0 | O97: =M97*$K97 -> 0 | P97: 6 | Q97: 0 | R97: =Q97*$J97 -> 0 | S97: =Q97*$P97 -> 0 | T97: =R97*$P97 -> 0 | U97: 6 | V97: 0 | W97: =V97*$J97 -> 0 | X97: =V97*$U97 -> 0 | Y97: =W97*$U97 -> 0 | Z97: 6 | AA97: 0 | AB97: =AA97*$J97 -> 0 | AC97: =AA97*Z97 -> 0 | AD97: =AB97*Z97 -> 0 | AE97: 6 | AF97: 0 | AG97: =AF97*$J97 -> 0 | AH97: =AF97*AE97 -> 0 | AI97: =AG97*AE97 -> 0
C98: 4684 Koeberg | D98: 12-12506 | E98: Upg, Wonderware Historian 2014R2 Standard, 25,000 Tag | F98: Tech Support | G98: sum | H98: =IF(I98="","",IF(I98="ZAR","Local","Foreign")) -> Local | I98: ZAR | J98: =IF(H98="","",IF(H98="Foreign",VLOOKUP(I98,Currency!$E$20:$F$33,2,FALSE),1)) -> 1 | K98: 3 | L98: 0 | M98: =L98*$J98 -> 0 | N98: =L98*$K98 -> 0 | O98: =M98*$K98 -> 0 | P98: 3 | Q98: 0 | R98: =Q98*$J98 -> 0 | S98: =Q98*$P98 -> 0 | T98: =R98*$P98 -> 0 | U98: 3 | V98: 0 | W98: =V98*$J98 -> 0 | X98: =V98*$U98 -> 0 | Y98: =W98*$U98 -> 0 | Z98: 3 | AA98: 0 | AB98: =AA98*$J98 -> 0 | AC98: =AA98*Z98 -> 0 | AD98: =AB98*Z98 -> 0 | AE98: 3 | AF98: 0 | AG98: =AF98*$J98 -> 0 | AH98: =AF98*AE98 -> 0 | AI98: =AG98*AE98 -> 0
D99: DevStd-03-C-17 | E99: UpgC, Development Studio 2017 Large 5K/3K/500 | F99: Tech Support | G99: sum | H99: =IF(I99="","",IF(I99="ZAR","Local","Foreign")) -> Local | I99: ZAR | J99: =IF(H99="","",IF(H99="Foreign",VLOOKUP(I99,Currency!$E$20:$F$33,2,FALSE),1)) -> 1 | K99: 1 | L99: 0 | M99: =L99*$J99 -> 0 | N99: =L99*$K99 -> 0 | O99: =M99*$K99 -> 0 | P99: 1 | Q99: 0 | R99: =Q99*$J99 -> 0 | S99: =Q99*$P99 -> 0 | T99: =R99*$P99 -> 0 | U99: 1 | V99: 0 | W99: =V99*$J99 -> 0 | X99: =V99*$U99 -> 0 | Y99: =W99*$U99 -> 0 | Z99: 1 | AA99: 0 | AB99: =AA99*$J99 -> 0 | AC99: =AA99*Z99 -> 0 | AD99: =AB99*Z99 -> 0 | AE99: 1 | AF99: 0 | AG99: =AF99*$J99 -> 0 | AH99: =AF99*AE99 -> 0 | AI99: =AG99*AE99 -> 0
D100: 12-12303 | E100: Upg, WW Historian Client 2014R2 Per Device, 20 Pack | F100: Tech Support | G100: sum | H100: =IF(I100="","",IF(I100="ZAR","Local","Foreign")) -> Local | I100: ZAR | J100: =IF(H100="","",IF(H100="Foreign",VLOOKUP(I100,Currency!$E$20:$F$33,2,FALSE),1)) -> 1 | K100: 5 | L100: 0 | M100: =L100*$J100 -> 0 | N100: =L100*$K100 -> 0 | O100: =M100*$K100 -> 0 | P100: 5 | Q100: 0 | R100: =Q100*$J100 -> 0 | S100: =Q100*$P100 -> 0 | T100: =R100*$P100 -> 0 | U100: 5 | V100: 0 | W100: =V100*$J100 -> 0 | X100: =V100*$U100 -> 0 | Y100: =W100*$U100 -> 0 | Z100: 5 | AA100: 0 | AB100: =AA100*$J100 -> 0 | AC100: =AA100*Z100 -> 0 | AD100: =AB100*Z100 -> 0 | AE100: 5 | AF100: 0 | AG100: =AF100*$J100 -> 0 | AH100: =AF100*AE100 -> 0 | AI100: =AG100*AE100 -> 0
D101: 12-12403 | E101: Upg, InTouch 2014R2 Runtime 3K Tag with I/O | F101: Tech Support | G101: sum | H101: =IF(I101="","",IF(I101="ZAR","Local","Foreign")) -> Local | I101: ZAR | J101: =IF(H101="","",IF(H101="Foreign",VLOOKUP(I101,Currency!$E$20:$F$33,2,FALSE),1)) -> 1 | K101: 3 | L101: 0 | M101: =L101*$J101 -> 0 | N101: =L101*$K101 -> 0 | O101: =M101*$K101 -> 0 | P101: 3 | Q101: 0 | R101: =Q101*$J101 -> 0 | S101: =Q101*$P101 -> 0 | T101: =R101*$P101 -> 0 | U101: 3 | V101: 0 | W101: =V101*$J101 -> 0 | X101: =V101*$U101 -> 0 | Y101: =W101*$U101 -> 0 | Z101: 3 | AA101: 0 | AB101: =AA101*$J101 -> 0 | AC101: =AA101*Z101 -> 0 | AD101: =AB101*Z101 -> 0 | AE101: 3 | AF101: 0 | AG101: =AF101*$J101 -> 0 | AH101: =AF101*AE101 -> 0 | AI101: =AG101*AE101 -> 0
D102: 12-12408 | E102: Upg, InTouch 2014R2 Runtime 60K Tag without I/O | F102: Tech Support | G102: sum | H102: =IF(I102="","",IF(I102="ZAR","Local","Foreign")) -> Local | I102: ZAR | J102: =IF(H102="","",IF(H102="Foreign",VLOOKUP(I102,Currency!$E$20:$F$33,2,FALSE),1)) -> 1 | K102: 2 | L102: 0 | M102: =L102*$J102 -> 0 | N102: =L102*$K102 -> 0 | O102: =M102*$K102 -> 0 | P102: 2 | Q102: 0 | R102: =Q102*$J102 -> 0 | S102: =Q102*$P102 -> 0 | T102: =R102*$P102 -> 0 | U102: 2 | V102: 0 | W102: =V102*$J102 -> 0 | X102: =V102*$U102 -> 0 | Y102: =W102*$U102 -> 0 | Z102: 2 | AA102: 0 | AB102: =AA102*$J102 -> 0 | AC102: =AA102*Z102 -> 0 | AD102: =AB102*Z102 -> 0 | AE102: 2 | AF102: 0 | AG102: =AF102*$J102 -> 0 | AH102: =AF102*AE102 -> 0 | AI102: =AG102*AE102 -> 0
D103: 12-12903 | E103: Upg, WW Core without MS Core 2014, 2 Cores | F103: Tech Support | G103: sum | H103: =IF(I103="","",IF(I103="ZAR","Local","Foreign")) -> Local | I103: ZAR | J103: =IF(H103="","",IF(H103="Foreign",VLOOKUP(I103,Currency!$E$20:$F$33,2,FALSE),1)) -> 1 | K103: 6 | L103: 0 | M103: =L103*$J103 -> 0 | N103: =L103*$K103 -> 0 | O103: =M103*$K103 -> 0 | P103: 6 | Q103: 0 | R103: =Q103*$J103 -> 0 | S103: =Q103*$P103 -> 0 | T103: =R103*$P103 -> 0 | U103: 6 | V103: 0 | W103: =V103*$J103 -> 0 | X103: =V103*$U103 -> 0 | Y103: =W103*$U103 -> 0 | Z103: 6 | AA103: 0 | AB103: =AA103*$J103 -> 0 | AC103: =AA103*Z103 -> 0 | AD103: =AB103*Z103 -> 0 | AE103: 6 | AF103: 0 | AG103: =AF103*$J103 -> 0 | AH103: =AF103*AE103 -> 0 | AI103: =AG103*AE103 -> 0
D104: 12-12396 | E104: Upg, Dev Studio 2014R2 Limited, InTouch Dev/RT 64Tag | F104: Tech Support | G104: sum | H104: =IF(I104="","",IF(I104="ZAR","Local","Foreign")) -> Local | I104: ZAR | J104: =IF(H104="","",IF(H104="Foreign",VLOOKUP(I104,Currency!$E$20:$F$33,2,FALSE),1)) -> 1 | K104: 1 | L104: 0 | M104: =L104*$J104 -> 0 | N104: =L104*$K104 -> 0 | O104: =M104*$K104 -> 0 | P104: 1 | Q104: 0 | R104: =Q104*$J104 -> 0 | S104: =Q104*$P104 -> 0 | T104: =R104*$P104 -> 0 | U104: 1 | V104: 0 | W104: =V104*$J104 -> 0 | X104: =V104*$U104 -> 0 | Y104: =W104*$U104 -> 0 | Z104: 1 | AA104: 0 | AB104: =AA104*$J104 -> 0 | AC104: =AA104*Z104 -> 0 | AD104: =AB104*Z104 -> 0 | AE104: 1 | AF104: 0 | AG104: =AF104*$J104 -> 0 | AH104: =AF104*AE104 -> 0 | AI104: =AG104*AE104 -> 0
D105: SOU-D1175 | E105: Upg, Device Integration Server 2014R2 | F105: Tech Support | G105: sum | H105: =IF(I105="","",IF(I105="ZAR","Local","Foreign")) -> Local | I105: ZAR | J105: =IF(H105="","",IF(H105="Foreign",VLOOKUP(I105,Currency!$E$20:$F$33,2,FALSE),1)) -> 1 | K105: 2 | L105: 0 | M105: =L105*$J105 -> 0 | N105: =L105*$K105 -> 0 | O105: =M105*$K105 -> 0 | P105: 2 | Q105: 0 | R105: =Q105*$J105 -> 0 | S105: =Q105*$P105 -> 0 | T105: =R105*$P105 -> 0 | U105: 2 | V105: 0 | W105: =V105*$J105 -> 0 | X105: =V105*$U105 -> 0 | Y105: =W105*$U105 -> 0 | Z105: 2 | AA105: 0 | AB105: =AA105*$J105 -> 0 | AC105: =AA105*Z105 -> 0 | AD105: =AB105*Z105 -> 0 | AE105: 2 | AF105: 0 | AG105: =AF105*$J105 -> 0 | AH105: =AF105*AE105 -> 0 | AI105: =AG105*AE105 -> 0
C106: 10644 Koeberg | D106: 01-2331 | E106: InTouch Runtime 500 Tag without I/O, v10.1 | F106: Tech Support | G106: sum | H106: =IF(I106="","",IF(I106="ZAR","Local","Foreign")) -> Local | I106: ZAR | J106: =IF(H106="","",IF(H106="Foreign",VLOOKUP(I106,Currency!$E$20:$F$33,2,FALSE),1)) -> 1 | K106: 1 | L106: 0 | M106: =L106*$J106 -> 0 | N106: =L106*$K106 -> 0 | O106: =M106*$K106 -> 0 | P106: 1 | Q106: 0 | R106: =Q106*$J106 -> 0 | S106: =Q106*$P106 -> 0 | T106: =R106*$P106 -> 0 | U106: 1 | V106: 0 | W106: =V106*$J106 -> 0 | X106: =V106*$U106 -> 0 | Y106: =W106*$U106 -> 0 | Z106: 1 | AA106: 0 | AB106: =AA106*$J106 -> 0 | AC106: =AA106*Z106 -> 0 | AD106: =AB106*Z106 -> 0 | AE106: 1 | AF106: 0 | AG106: =AF106*$J106 -> 0 | AH106: =AF106*AE106 -> 0 | AI106: =AG106*AE106 -> 0
C107: 6708 Lethabo | D107: DevStd-04-C-23 | E107: UpgC, AVEVA Development Studio 2023 Unlimited, Unlim/Unlim/500 | F107: Full Support | G107: sum | H107: =IF(I107="","",IF(I107="ZAR","Local","Foreign")) -> Local | I107: ZAR | J107: =IF(H107="","",IF(H107="Foreign",VLOOKUP(I107,Currency!$E$20:$F$33,2,FALSE),1)) -> 1 | K107: 2 | L107: 0 | M107: =L107*$J107 -> 0 | N107: =L107*$K107 -> 0 | O107: =M107*$K107 -> 0 | P107: 2 | Q107: 0 | R107: =Q107*$J107 -> 0 | S107: =Q107*$P107 -> 0 | T107: =R107*$P107 -> 0 | U107: 2 | V107: 0 | W107: =V107*$J107 -> 0 | X107: =V107*$U107 -> 0 | Y107: =W107*$U107 -> 0 | Z107: 2 | AA107: 0 | AB107: =AA107*$J107 -> 0 | AC107: =AA107*Z107 -> 0 | AD107: =AB107*Z107 -> 0 | AE107: 2 | AF107: 0 | AG107: =AF107*$J107 -> 0 | AH107: =AF107*AE107 -> 0 | AI107: =AG107*AE107 -> 0
D108: 12-12285 | E108: Upg, Application Server 2014R2, Platform | F108: Tech Support | G108: sum | H108: =IF(I108="","",IF(I108="ZAR","Local","Foreign")) -> Local | I108: ZAR | J108: =IF(H108="","",IF(H108="Foreign",VLOOKUP(I108,Currency!$E$20:$F$33,2,FALSE),1)) -> 1 | K108: 11 | L108: 0 | M108: =L108*$J108 -> 0 | N108: =L108*$K108 -> 0 | O108: =M108*$K108 -> 0 | P108: 11 | Q108: 0 | R108: =Q108*$J108 -> 0 | S108: =Q108*$P108 -> 0 | T108: =R108*$P108 -> 0 | U108: 11 | V108: 0 | W108: =V108*$J108 -> 0 | X108: =V108*$U108 -> 0 | Y108: =W108*$U108 -> 0 | Z108: 11 | AA108: 0 | AB108: =AA108*$J108 -> 0 | AC108: =AA108*Z108 -> 0 | AD108: =AB108*Z108 -> 0 | AE108: 11 | AF108: 0 | AG108: =AF108*$J108 -> 0 | AH108: =AF108*AE108 -> 0 | AI108: =AG108*AE108 -> 0
D109: SupClt-02-C-23 | E109: UpgC, AVEVA Supervisory Client without Historian Client Desktop 2023, no MSCAL | F109: Full Support | G109: sum | H109: =IF(I109="","",IF(I109="ZAR","Local","Foreign")) -> Local | I109: ZAR | J109: =IF(H109="","",IF(H109="Foreign",VLOOKUP(I109,Currency!$E$20:$F$33,2,FALSE),1)) -> 1 | K109: 1 | L109: 0 | M109: =L109*$J109 -> 0 | N109: =L109*$K109 -> 0 | O109: =M109*$K109 -> 0 | P109: 1 | Q109: 0 | R109: =Q109*$J109 -> 0 | S109: =Q109*$P109 -> 0 | T109: =R109*$P109 -> 0 | U109: 1 | V109: 0 | W109: =V109*$J109 -> 0 | X109: =V109*$U109 -> 0 | Y109: =W109*$U109 -> 0 | Z109: 1 | AA109: 0 | AB109: =AA109*$J109 -> 0 | AC109: =AA109*Z109 -> 0 | AD109: =AB109*Z109 -> 0 | AE109: 1 | AF109: 0 | AG109: =AF109*$J109 -> 0 | AH109: =AF109*AE109 -> 0 | AI109: =AG109*AE109 -> 0
D110: HstAdv-55-C-23 | E110: UpgC, AVEVA Historian 2023, Advanced 100,000 Tag | F110: Full Support | G110: sum | H110: =IF(I110="","",IF(I110="ZAR","Local","Foreign")) -> Local | I110: ZAR | J110: =IF(H110="","",IF(H110="Foreign",VLOOKUP(I110,Currency!$E$20:$F$33,2,FALSE),1)) -> 1 | K110: 1 | L110: 0 | M110: =L110*$J110 -> 0 | N110: =L110*$K110 -> 0 | O110: =M110*$K110 -> 0 | P110: 1 | Q110: 0 | R110: =Q110*$J110 -> 0 | S110: =Q110*$P110 -> 0 | T110: =R110*$P110 -> 0 | U110: 1 | V110: 0 | W110: =V110*$J110 -> 0 | X110: =V110*$U110 -> 0 | Y110: =W110*$U110 -> 0 | Z110: 1 | AA110: 0 | AB110: =AA110*$J110 -> 0 | AC110: =AA110*Z110 -> 0 | AD110: =AB110*Z110 -> 0 | AE110: 1 | AF110: 0 | AG110: =AF110*$J110 -> 0 | AH110: =AF110*AE110 -> 0 | AI110: =AG110*AE110 -> 0
D111: SysPlt-15-C-23 | E111: UpgC, AVEVA System Platform 2023, 100K IO/100K History - Application Server 100K IO, Historian Enterprise 100K Tag, 2 Communication Drivers Professional, 1 Historian Client Web. | F111: Full Support | G111: sum | H111: =IF(I111="","",IF(I111="ZAR","Local","Foreign")) -> Local | I111: ZAR | J111: =IF(H111="","",IF(H111="Foreign",VLOOKUP(I111,Currency!$E$20:$F$33,2,FALSE),1)) -> 1 | K111: 1 | L111: 0 | M111: =L111*$J111 -> 0 | N111: =L111*$K111 -> 0 | O111: =M111*$K111 -> 0 | P111: 1 | Q111: 0 | R111: =Q111*$J111 -> 0 | S111: =Q111*$P111 -> 0 | T111: =R111*$P111 -> 0 | U111: 1 | V111: 0 | W111: =V111*$J111 -> 0 | X111: =V111*$U111 -> 0 | Y111: =W111*$U111 -> 0 | Z111: 1 | AA111: 0 | AB111: =AA111*$J111 -> 0 | AC111: =AA111*Z111 -> 0 | AD111: =AB111*Z111 -> 0 | AE111: 1 | AF111: 0 | AG111: =AF111*$J111 -> 0 | AH111: =AF111*AE111 -> 0 | AI111: =AG111*AE111 -> 0
D112: AppSvr-14-C-23 | E112: UpgC, AVEVA Application Server 2023, 100K I/O | F112: Full Support | G112: sum | H112: =IF(I112="","",IF(I112="ZAR","Local","Foreign")) -> Local | I112: ZAR | J112: =IF(H112="","",IF(H112="Foreign",VLOOKUP(I112,Currency!$E$20:$F$33,2,FALSE),1)) -> 1 | K112: 1 | L112: 0 | M112: =L112*$J112 -> 0 | N112: =L112*$K112 -> 0 | O112: =M112*$K112 -> 0 | P112: 1 | Q112: 0 | R112: =Q112*$J112 -> 0 | S112: =Q112*$P112 -> 0 | T112: =R112*$P112 -> 0 | U112: 1 | V112: 0 | W112: =V112*$J112 -> 0 | X112: =V112*$U112 -> 0 | Y112: =W112*$U112 -> 0 | Z112: 1 | AA112: 0 | AB112: =AA112*$J112 -> 0 | AC112: =AA112*Z112 -> 0 | AD112: =AB112*Z112 -> 0 | AE112: 1 | AF112: 0 | AG112: =AF112*$J112 -> 0 | AH112: =AF112*AE112 -> 0 | AI112: =AG112*AE112 -> 0
D113: ComDrv-51-C-23 | E113: UpgC, AVEVA Communication Drivers 2023, Standard_ | F113: Full Support | G113: sum | H113: =IF(I113="","",IF(I113="ZAR","Local","Foreign")) -> Local | I113: ZAR | J113: =IF(H113="","",IF(H113="Foreign",VLOOKUP(I113,Currency!$E$20:$F$33,2,FALSE),1)) -> 1 | K113: 9 | L113: 0 | M113: =L113*$J113 -> 0 | N113: =L113*$K113 -> 0 | O113: =M113*$K113 -> 0 | P113: 9 | Q113: 0 | R113: =Q113*$J113 -> 0 | S113: =Q113*$P113 -> 0 | T113: =R113*$P113 -> 0 | U113: 9 | V113: 0 | W113: =V113*$J113 -> 0 | X113: =V113*$U113 -> 0 | Y113: =W113*$U113 -> 0 | Z113: 9 | AA113: 0 | AB113: =AA113*$J113 -> 0 | AC113: =AA113*Z113 -> 0 | AD113: =AB113*Z113 -> 0 | AE113: 9 | AF113: 0 | AG113: =AF113*$J113 -> 0 | AH113: =AF113*AE113 -> 0 | AI113: =AG113*AE113 -> 0
D114: 01-606 | E114: INTCH,6.X,32K,WIN.NT,RT SYS | F114: Tech Support | G114: sum | H114: =IF(I114="","",IF(I114="ZAR","Local","Foreign")) -> Local | I114: ZAR | J114: =IF(H114="","",IF(H114="Foreign",VLOOKUP(I114,Currency!$E$20:$F$33,2,FALSE),1)) -> 1 | K114: 1 | L114: 0 | M114: =L114*$J114 -> 0 | N114: =L114*$K114 -> 0 | O114: =M114*$K114 -> 0 | P114: 1 | Q114: 0 | R114: =Q114*$J114 -> 0 | S114: =Q114*$P114 -> 0 | T114: =R114*$P114 -> 0 | U114: 1 | V114: 0 | W114: =V114*$J114 -> 0 | X114: =V114*$U114 -> 0 | Y114: =W114*$U114 -> 0 | Z114: 1 | AA114: 0 | AB114: =AA114*$J114 -> 0 | AC114: =AA114*Z114 -> 0 | AD114: =AB114*Z114 -> 0 | AE114: 1 | AF114: 0 | AG114: =AF114*$J114 -> 0 | AH114: =AF114*AE114 -> 0 | AI114: =AG114*AE114 -> 0
...

Sheet Currency
B2: =AVEVA!C3 -> VENDOR NAME
B4: EXCHANGE RATES FOR MULTIPLE CURRENCIES
B6: NOTES:
B7: 1 | C7: The table below needs to be completed if the Employer will be exposed to any currency fluctuation as stipulated in Secondary Clause X3. For conversion of the foreign portions to Rand, please use the South African Reserve Bank's (SARB) exchange rate at 12:00 on the day of advertisement of the bid. This is in terms of the Preferential Procurement Policy Framework Act (PPPFA) with which the Employer has to comply. NB: Tenderers must submit proof of the SARB rate(s) of exchange used
B8: 2 | C8: The following URL (electronic route) is to be followed to access the relevant SARB rates on their web pages:
C9: www.resbank.co.za
C10: - Select Research - Then select Rates - Click on "Select historical exchange rates and other interest rates" - Clicking on the exchange rate in the following page opens the daily rates per currency and SA Rand
B11: 3 | C11: The Employer deals only in the currencies listed below unless other currencies are specifically approved for this tender. Kindly notify the Employer of any currency that the tenderer intends to use, but is not stipulated in the table, to consider sanctioning such currency. Sufficient time must be allowed for the assessment and to respond to such request. The onus is on the tenderer to submit a bid with approved currencies
B12: 4 | C12: The format in which the exchange rate must be inserted in the table is: 1 (One) Foreign Currency = R Amount (i.e. the Rand amount for one of each foreign currency applicable). Exchange rates must be rounded to 4 decimals NB : Only the USD/ZAR, GBP/ZAR and EUR/ZAR are published in this way on the SARB web pages above. The Rand rate with the other currencies must be inverted (1/Foreign Currency Rate) in order to list it in the required format in the table below
B13: 5 | C13: All information in the table below must conform with all other equivalent information in the offer.
C14: Payment in terms of Payment Method 2 is considered as a "foreign payment" although it will be effected in South African Rand. However, amounts for "F.O.R. Price-Goods supplied from Imported Items", are NOT considered as "foreign payments"
C15: If more than one payment method apply for a currency, the Tenderer must request an additional row be inserted in the table in order to split the values and identify the relevant method.
C18: MULTIPLE CURRENCIES
C19: No | D19: Currency Description | E19: Code | F19: Exchange Rate Currency 1,00 = | G19: Date Published | H19: Source
C20: 1 | D20: Australian Dollar | E20: AUD
C21: 2 | D21: Canadian Dollar | E21: CAN
C22: 3 | D22: Swiss Franc | E22: CHF
C23: 4 | D23: Danish Krone | E23: DKK
C24: 5 | D24: European Currency | E24: EUR
C25: 6 | D25: British Pound | E25: GBP
C26: 7 | D26: Hong Kong Dollar | E26: HKD
C27: 8 | D27: Japanese Yen | E27: JPY
C28: 9 | D28: Norwegian Krone | E28: NOK
C29: 10 | D29: New Zealand Dollar | E29: NZD
C30: 11 | D30: Swedish Krone | E30: SEK
C31: 12 | D31: Singapore Dollar | E31: SGD
C32: 13 | D32: United States Dollar | E32: USD
C33: 14 | D33: South African Rand | E33: ZAR | F33: 1
